Workbook

Sheet Toelichting
A1: Toelichting en verantwoording
A3: Dit reken- en vergelijksmodel miniwarmte is een uitbreiding van de indicatieve business case die in september 2024 gemaakt is in opdracht van Provincie Utrecht en Energie van Utrecht.
A4: Tijdens de fase opstellen Uitvoeringsplan aardgasvrij wonen voor de Rietkampen, heeft Energiebreed het model verbeterd en uitgebreid met meer individuele en collectieve oplossingen. ook is een vergelijking van de voor- en nadelen van de opties toegevoegd.
A6: Aug 2025
A7: energiebreed.nl
A8: nplw.nl/warmte-en-ruimte/ruimtetool | D8: Zie voor meer details
A20: In de bijlage Next2Company Toelichting Business case mini-warmtenet.pdf is de verantwoording van oorspronkelijk model en een korte instructie voor gebruik te vinden.
A22: Gebruik is op eigen risico

Sheet Samenvatting
F4: ='Isolatie+'!A3 -> Type woning | G4: ='Isolatie+'!B3 -> Jaren '90, tussenwoning
I6: ='Business case'!E12 -> Bodem WP Indi | J6: ='Business case'!F12 -> Lucht WP indi | K6: ='Business case'!G12 -> PVT WP indi | L6: ='Business case'!C12 -> Bodem WP MWN coll | M6: ='Business case'!D12 -> Bodem WP MWN Indi
B7: Uitgangspunten | F7: Overzicht scenario's
B8: ='Business case'!A1 -> Verbruik G | C8: ='Business case'!C1 -> 750 | D8: ='Business case'!B1 -> m3 | F8: ='Business case'!A14 -> SCOP | I8: ='Business case'!E14 -> 4 | J8: ='Business case'!F14 -> 3.5 | K8: ='Business case'!G14 -> 4.5 | L8: ='Business case'!C14 -> 4 | M8: ='Business case'!D14 -> 4
B9: ='Business case'!A2 -> Verbruik E | C9: ='Business case'!C2 -> 3500 | D9: ='Business case'!B2 -> kWh | F9: ='Business case'!A15 -> Netto investering WP+ISO | G9: ='Business case'!B15 -> € | I9: ='Business case'!E15 -> 20916.668 | J9: ='Business case'!F15 -> 17994.1 | K9: ='Business case'!G15 -> 23307.474 | L9: ='Business case'!C15 -> 16960.947 | M9: ='Business case'!D15 -> 18274.576
B10: ='Business case'!A3 -> Besparing G Isolatie | C10: ='Business case'!C3 -> 0.1848 | D10: ='Business case'!B3 -> % | F10: ='Business case'!A16 -> PV gelijktijdigheid | G10: ='Business case'!B16 -> % | I10: ='Business case'!E16 -> 0.4 | J10: ='Business case'!F16 -> 0.4 | K10: ='Business case'!G16 -> 0.4 | L10: ='Business case'!C16 -> 0.4 | M10: ='Business case'!D16 -> 0.4
B11: ='Business case'!A4 -> Besparing G WP | C11: ='Business case'!C4 -> 1 | D11: ='Business case'!B4 -> % | F11: ='Business case'!A17 -> Rente | I11: ='Business case'!E17 -> 0.0284101 | J11: ='Business case'!F17 -> 0.0284101 | K11: ='Business case'!G17 -> 0.0284101 | L11: ='Business case'!C17 -> 0.0284101 | M11: ='Business case'!D17 -> 0.0284101
B12: ='Business case'!A5 -> Start | C12: ='Business case'!C5 -> 2025 | F12: ='Business case'!A18 -> Inkoopkorting WP collectief | M12: ='Business case'!D18 -> 0.15
B13: ='Business case'!A6 -> Levensduur WP | C13: ='Business case'!C6 -> 15 | D13: ='Business case'!B6 -> jr | F13: ='Business case'!A19 -> PV opwek kWh/jr | G13: ='Business case'!B19 -> kWh/jr | I13: ='Business case'!E19 -> 1452.075 | J13: ='Business case'!F19 -> 1659.5143 | K13: ='Business case'!G19 -> 1290.7333 | L13: ='Business case'!C19 -> 1452.075 | M13: ='Business case'!D19 -> 1452.075
F14: ='Business case'!A20 -> PV investering | G14: ='Business case'!B20 -> €/kWh/jr | I14: ='Business case'!E20 -> 0.95 | J14: ='Business case'!F20 -> 0.95 | K14: ='Business case'!G20 -> 0.95 | L14: ='Business case'!C20 -> 0.95 | M14: ='Business case'!D20 -> 0.95
B15: ='Business case'!A8 -> Prijs scenario | C15: ='Business case'!C8 -> Middel | F15: ='Business case'!A21 -> Projectkosten / onvoorzien | I15: ='Business case'!E21 -> 0.1 | J15: ='Business case'!F21 -> 0.1 | K15: ='Business case'!G21 -> 0.1 | L15: ='Business case'!C21 -> 0.1 | M15: ='Business case'!D21 -> 0.1
F16: ='Business case'!A22 -> Aantal woningen collectief | L16: ='Business case'!C22 -> 10 | M16: ='Business case'!D22 -> 10
F17: ='Business case'!A26 -> Interferentie bij individueel | I17: ='Business case'!E26 -> J
F18: ='Business case'!A27 -> Geluidskast | J18: ='Business case'!F27 -> J
F20: ='Business case'!J1 -> Totaal kosten over afschrijvingsperiode warmtepomp
H22: ='Business case'!L2 -> Gasketel | I22: ='Business case'!M2 -> Bodem WP Indi | J22: ='Business case'!N2 -> Lucht WP indi | K22: ='Business case'!O2 -> PVT WP indi | L22: ='Business case'!P2 -> Bodem WP MWN coll | M22: ='Business case'!Q2 -> Bodem WP MWN Indi
F23: ='Business case'!J4 -> G/W kosten | H23: ='Business case'!L4 -> 14989.808
F24: ='Business case'!J5 -> E kosten G/WP* | H24: ='Business case'!L5 -> 1459.1427 | I24: ='Business case'!M5 -> 5296.9615 | J24: ='Business case'!N5 -> 6053.6703 | K24: ='Business case'!O5 -> 4708.4103 | L24: ='Business case'!P5 -> 5296.9615 | M24: ='Business case'!Q5 -> 5296.9615
F25: ='Business case'!J6 -> CV financiering | H25: ='Business case'!L6 -> 2222.3158
F26: ='Business case'!J7 -> CV onderhoud | H26: ='Business case'!L7 -> 2523.3586
F27: ='Business case'!J8 -> Vaste kosten G/W | H27: ='Business case'!L8 -> 5089.5071
F28: ='Business case'!J9 -> WP+ISO financiering | I28: ='Business case'!M9 -> 25262.74 | J28: ='Business case'!N9 -> 21732.92 | K28: ='Business case'!O9 -> 28150.309 | L28: ='Business case'!P9 -> 20485.098 | M28: ='Business case'!Q9 -> 22071.674
F29: ='Business case'!J10 -> WP onderhoud | I29: ='Business case'!M10 -> 2645.8928 | J29: ='Business case'!N10 -> 2645.8928 | K29: ='Business case'!O10 -> 2645.8928 | L29: ='Business case'!P10 -> 2645.8928 | M29: ='Business case'!Q10 -> 2645.8928
F31: ='Business case'!J12 -> PV(T) opbrengst € | I31: ='Business case'!M12 -> -4021.2377 | J31: ='Business case'!N12 -> -4595.7002 | K31: ='Business case'!O12 -> -3574.4335 | L31: ='Business case'!P12 -> -4021.2377 | M31: ='Business case'!Q12 -> -4021.2377
F32: ='Business case'!J13 -> PV(T) financiering | I32: ='Business case'!M13 -> 1666.0983 | J32: ='Business case'!N13 -> 1904.1123 | K32: ='Business case'!O13 -> 1480.9762 | L32: ='Business case'!P13 -> 1666.0983 | M32: ='Business case'!Q13 -> 1666.0983
F33: ='Business case'!J14 -> PV(T) onderhoud | I33: ='Business case'!M14 -> 440.98213 | J33: ='Business case'!N14 -> 440.98213 | K33: ='Business case'!O14 -> 440.98213 | L33: ='Business case'!P14 -> 440.98213 | M33: ='Business case'!Q14 -> 440.98213
F34: ='Business case'!J15 -> Totaal over levensduur | H34: ='Business case'!L15 -> 26284.133 | I34: ='Business case'!M15 -> 31291.438 | J34: ='Business case'!N15 -> 28181.878 | K34: ='Business case'!O15 -> 33852.137 | L34: ='Business case'!P15 -> 26513.795 | M34: ='Business case'!Q15 -> 28100.371
F35: ='Business case'!J16 -> TCO/jr | H35: ='Business case'!L16 -> 1752.2755 | I35: ='Business case'!M16 -> 2086.0958 | J35: ='Business case'!N16 -> 1878.7919 | K35: ='Business case'!O16 -> 2256.8091 | L35: ='Business case'!P16 -> 1767.5864 | M35: ='Business case'!Q16 -> 1873.3581
F36: ='Business case'!J17 -> jaarlijkse lasten | H36: ='Business case'!L17 -> 1604.1211 | I36: ='Business case'!M17 -> 290.83992 | J36: ='Business case'!N17 -> 302.98967 | K36: ='Business case'!O17 -> 281.39011 | L36: ='Business case'!P17 -> 290.83992 | M36: ='Business case'!Q17 -> 290.83992
F38: ='Business case'!J19 -> Restwaarde | H38: ='Business case'!L19 -> 0 | I38: ='Business case'!M19 -> 3823.1073 | J38: ='Business case'!N19 -> 3244.75 | K38: ='Business case'!O19 -> 3153.6126 | L38: ='Business case'!P19 -> 3521.2895 | M38: ='Business case'!Q19 -> 3521.2895
F39: ='Business case'!J20 -> Totaal - restwaarde | H39: ='Business case'!L20 -> 26284.133 | I39: ='Business case'!M20 -> 27468.33 | J39: ='Business case'!N20 -> 24937.128 | K39: ='Business case'!O20 -> 30698.524 | L39: ='Business case'!P20 -> 22992.506 | M39: ='Business case'!Q20 -> 24579.082
F41: ='Business case'!J22 -> Herinvestering jr16 | H41: ='Business case'!L22 -> 2525.9257 | I41: ='Business case'!M22 -> 12585.575 | J41: ='Business case'!N22 -> 10965.179 | K41: ='Business case'!O22 -> 12375.162 | L41: ='Business case'!P22 -> 8921.8321 | M41: ='Business case'!Q22 -> 10116.941

Sheet Oplossingen voor-nadelen
D6: Individuele oplossingen vergeleken | I6: Miniwarmtenet oplossingen vergeleken
B7: Aspecten | D7: Gas | E7: Luchtwater warmtepomp | F7: PVT (zonnepanelen + thermische laag) | G7: Bodem warmtepomp | I7: Luchtwater warmtepomp collectief | J7: PVT (zonnepanelen + thermische laag); pomp individueel | K7: Bodembron en warmtepomp collectief | L7: Bodembron collectief; pomp individueel
B8: Isolatie voldoende | D8: J | E8: Testen | F8: Testen | G8: Testen | I8: Testen | J8: Testen | K8: Testen | L8: Testen
B9: CV afgifte systeem geschikt | D9: J | E9: Testen | F9: Testen | G9: Testen | I9: Testen | J9: Testen | K9: Testen | L9: Testen
B10: Vergunning nodig | E10: N | F10: N | G10: J | I10: J | J10: N | K10: J | L10: J
B11: Opstelling ketel/pomp | D11: Binnen | E11: Buiten dak/tuin | F11: Dak + Binnen | G11: Binnen | I11: Openbare ruimte | J11: Dak + Binnen | K11: Openbare ruimte | L11: Binnen
B12: Rendement verwarmen | D12: Laag | E12: Matig | F12: Goed | G12: Goed | I12: Matig | J12: Goed | K12: Goed | L12: Goed
B13: Rendement koelen | D13: nvt | E13: Matig | F13: nvt | G13: Goed | I13: Matig | J13: nvt | K13: Goed | L13: Goed
B14: Rendement tapwater | D14: Laag | E14: Matig | F14: Hoog | G14: Goed | I14: Matig | J14: Hoog | K14: Goed | L14: Goed
B15: Gasloos mogelijk | D15: N | E15: J/N | F15: J | G15: J | I15: J/N | J15: J | K15: J | L15: J
B16: Geluidshinder | D16: N | E16: J | F16: N | G16: N | I16: N | J16: N | K16: N | L16: N
B17: Afleverset nodig | D17: N | E17: N | F17: N | G17: N | I17: J | J17: N | K17: J | L17: N
B18: Opwek stroom | D18: N | E18: N | F18: J | G18: N | I18: N | J18: J | K18: N | L18: N
B19: Invloed op netbelasting | D19: 0 | E19: ++ | F19: ++ | G19: ++ | I19: + | J19: ++ | K19: + | L19: ++
B20: Gecompliceerdheid ontwerp | D20: N | E20: Laag | F20: Laag | G20: Laag | I20: Matig | J20: Hoog | K20: Hoog | L20: Hoog
B21: Investeringskosten | D21: Laag | E21: Gemiddeld | F21: Hoog | G21: Hoog | I21: Gemiddeld | J21: Hoog | K21: Hoog | L21: Gemiddeld

Sheet Business case
A1: Verbruik G | B1: m3 | C1: 750 | J1: Totaal kosten over afschrijvingsperiode warmtepomp
A2: Verbruik E | B2: kWh | C2: 3500 | E2: Kosten elektriciteit gasketel voor een tussenwoning | L2: Gasketel | M2: Bodem WP Indi | N2: Lucht WP indi | O2: PVT WP indi | P2: Bodem WP MWN coll | Q2: Bodem WP MWN Indi
A3: Besparing G Isolatie | B3: % | C3: =Investering!E16 -> 0.1848 | F3: gem. 300-1200 kWh | G3: 400 | H3: kWh
A4: Besparing G WP | B4: % | C4: =Investering!E26 -> 1 | J4: G/W kosten | L4: =AD37 -> 14989.808 | M4: =AD108 -> 0 | N4: =AD136 -> 0 | O4: =AE136 -> 0 | P4: =AD52 -> 0 | Q4: =AD80 -> 0
A5: Start | B5: jr | C5: 2025 | J5: E kosten G/WP* | L5: =AD38 -> 1459.1427 | M5: =AD109 -> 5296.9615 | N5: =AD137 -> 6053.6703 | O5: =AD165 -> 4708.4103 | P5: =AD53 -> 5296.9615 | Q5: =AD81 -> 5296.9615
A6: Levensduur WP | B6: jr | C6: 15 | J6: CV financiering | L6: =AD39 -> 2222.3158 | M6: =AD110 -> 0 | N6: =AD138 -> 0 | O6: =AE138 -> 0 | P6: =AD54 -> 0 | Q6: =AD82 -> 0
J7: CV onderhoud | L7: =AD40 -> 2523.3586 | M7: =AD111 -> 0 | N7: =AD139 -> 0 | O7: =AE139 -> 0 | P7: =AD55 -> 0 | Q7: =AD83 -> 0
A8: Prijs scenario | C8: Middel | J8: Vaste kosten G/W | L8: =AD41 -> 5089.5071 | M8: =AD112 -> 0 | N8: =AD140 -> 0 | O8: =AE140 -> 0 | P8: =AD56 -> 0 | Q8: =AD84 -> 0
A9: % spaargeld | C9: 0 | J9: WP+ISO financiering | M9: =AD113 -> 25262.74 | N9: =AD141 -> 21732.92 | O9: =AD169 -> 28150.309 | P9: =AD57 -> 20485.098 | Q9: =AD85 -> 22071.674
J10: WP onderhoud | M10: =AD114 -> 2645.8928 | N10: =AD142 -> 2645.8928 | O10: =AD170 -> 2645.8928 | P10: =AD58 -> 2645.8928 | Q10: =AD86 -> 2645.8928
AI11: Keuze
C12: Bodem WP MWN coll | D12: Bodem WP MWN Indi | E12: Bodem WP Indi | F12: Lucht WP indi | G12: PVT WP indi | J12: PV(T) opbrengst € | M12: =-AD121 -> -4021.2377 | N12: =-AD149 -> -4595.7002 | O12: =-AD177 -> -3574.4335 | P12: =-AD65 -> -4021.2377 | Q12: =-AD93 -> -4021.2377 | AI12: J
J13: PV(T) financiering | M13: =AD122 -> 1666.0983 | N13: =AD150 -> 1904.1123 | O13: =AD178 -> 1480.9762 | P13: =AD66 -> 1666.0983 | Q13: =AD94 -> 1666.0983 | AI13: N
A14: SCOP | C14: 4 | D14: 4 | E14: 4 | F14: 3.5 | G14: 4.5 | J14: PV(T) onderhoud | M14: =AD123 -> 440.98213 | N14: =AD151 -> 440.98213 | O14: =AD179 -> 440.98213 | P14: =AD67 -> 440.98213 | Q14: =AD95 -> 440.98213
A15: Netto investering WP+ISO | B15: € | C15: =Investering!I28 -> 16960.947 | D15: =Investering!I46 -> 18274.576 | E15: =Investering!I64 -> 20916.668 | F15: =Investering!I81 -> 17994.1 | G15: =Investering!I102 -> 23307.474 | J15: Totaal over levensduur | L15: =SUM(L4:L13) -> 26284.133 | M15: =SUM(M4:M14) -> 31291.438 | N15: =SUM(N4:N14) -> 28181.878 | O15: =SUM(O4:O14) -> 33852.137 | P15: =SUM(P4:P14) -> 26513.795 | Q15: =SUM(Q4:Q14) -> 28100.371
A16: PV gelijktijdigheid | B16: % | C16: =Kengetallen!B18 -> 0.4 | D16: =C16 -> 0.4 | E16: =C16 -> 0.4 | F16: =E16 -> 0.4 | G16: =F16 -> 0.4 | J16: TCO/jr | L16: =L15/$C$6 -> 1752.2755 | M16: =M15/$C$6 -> 2086.0958 | N16: =N15/$C$6 -> 1878.7919 | O16: =O15/$C$6 -> 2256.8091 | P16: =P15/$C$6 -> 1767.5864 | Q16: =Q15/$C$6 -> 1873.3581
A17: Rente | C17: =Financiering!$D$6*(1-$C$9) -> 0.0284101 | D17: =Financiering!$D$6*(1-$C$9) -> 0.0284101 | E17: =Financiering!$D$6*(1-$C$9) -> 0.0284101 | F17: =Financiering!$D$6*(1-$C$9) -> 0.0284101 | G17: =Financiering!$D$6*(1-$C$9) -> 0.0284101 | J17: jaarlijkse lasten | L17: =(L15-L6)/15 -> 1604.1211 | M17: =(M15-M6-M9-M13)/15 -> 290.83992 | N17: =(N15-N6-N9-N13)/15 -> 302.98967 | O17: =(O15-O6-O9-O13)/15 -> 281.39011 | P17: =(P15-P6-P9-P13)/15 -> 290.83992 | Q17: =(Q15-Q6-Q9-Q13)/15 -> 290.83992
A18: Inkoopkorting WP collectief | D18: 0.15
A19: PV opwek kWh/jr | B19: kWh/jr | C19: =J47 -> 1452.075 | D19: =J75 -> 1452.075 | E19: =J103 -> 1452.075 | F19: =J131 -> 1659.5143 | G19: =J159 -> 1290.7333 | J19: Restwaarde | L19: 0 | M19: =Investering!I64-Investering!J64 -> 3823.1073 | N19: =Investering!I85-Investering!J85 -> 3244.75 | O19: =Investering!I102-Investering!J102 -> 3153.6126 | P19: =Investering!I28-Investering!J28 -> 3521.2895 | Q19: =Investering!I46-Investering!J46 -> 3521.2895
A20: PV investering | B20: €/kWh/jr | C20: =VLOOKUP(C19,Kengetallen!$B$12:$C$14,2,TRUE) -> 0.95 | D20: =VLOOKUP(D19,Kengetallen!$B$12:$C$14,2,TRUE) -> 0.95 | E20: =VLOOKUP(E19,Kengetallen!$B$12:$C$14,2,TRUE) -> 0.95 | F20: =VLOOKUP(F19,Kengetallen!$B$12:$C$14,2,TRUE) -> 0.95 | G20: =VLOOKUP(G19,Kengetallen!$B$12:$C$14,2,TRUE) -> 0.95 | J20: Totaal - restwaarde | L20: =L15-L19 -> 26284.133 | M20: =M15-M19 -> 27468.33 | N20: =N15-N19 -> 24937.128 | O20: =O15-O19 -> 30698.524 | P20: =P15-P19 -> 22992.506 | Q20: =Q15-Q19 -> 24579.082
A21: Projectkosten / onvoorzien | C21: 0.1 | D21: 0.1 | E21: 0.1 | F21: 0.1 | G21: 0.1
A22: Aantal woningen collectief | C22: 10 | D22: 10 | J22: Herinvestering jr16 | L22: =Kengetallen!B6*(1+Kengetallen!B2)^16 -> 2525.9257 | M22: =(Investering!D60+Investering!D66)*(1+Kengetallen!B2)^16 -> 12585.575 | N22: =(Investering!D76+Investering!D83)*(1+Kengetallen!B2)^16 -> 10965.179 | O22: =(Investering!D93+Investering!D100)*(1+Kengetallen!B2)^16 -> 12375.162 | P22: =(Investering!D24+Investering!D30)*(1+Kengetallen!B2)^16 -> 8921.8321 | Q22: =(Investering!D42+Investering!D48)*(1+Kengetallen!B2)^16 -> 10116.941
A23: Boordiepte | C23: =Kengetallen!B56 -> 260 | D23: =C23 -> 260 | E23: =Investering!C56 -> 83.038102
A24: Woning / lus | C24: =D24 -> 4.4282598 | D24: =D23/Investering!C38 -> 4.4282598 | P24: bruto | Q24: incl rente
A25: Leiding lengte per woning (m) | C25: 6 | D25: 6 | J25: Voordeel lus | P25: =Investering!B58-(Investering!B22+Investering!B23) -> 603.63566 | Q25: =-15*PMT(C17,15,P25,0,1) -> 729.05929
A26: Interferentie bij individueel | E26: J | J26: Voordeel installatie | P26: =Investering!B60-Investering!B24 -> 6228.838 | Q26: =-15*PMT(C17,15,P26,0,1) -> 7523.0682
A27: Geluidskast | F27: J | J27: Verschil projectkosten | P27: =Investering!B61-Investering!B25 -> 683.24737 | Q27: =-15*PMT(C17,15,P27,0,1) -> 825.21275
J28: Totaal voordeel | P28: =SUM(P25:P26) -> 6832.4737 | Q28: =SUM(Q25:Q27) -> 9077.3402
A30: Huidige situatie/CV
A31: Kol prijs | B31: 3 | C31: 4 | D31: 5 | E31: 6 | F31: 7 | G31: 8 | H31: 9 | I31: 10 | J31: 11 | K31: 12 | L31: 13 | M31: 14 | N31: 15 | O31: 16 | P31: 17 | Q31: 18 | R31: 19 | S31: 9 | T31: 9 | U31: 9 | V31: 9 | W31: 9 | X31: 9 | Y31: 9 | Z31: 9 | AA31: 9 | AB31: 9
A32: Jaar | B32: =B34-$C$5+1 -> 0 | C32: =C34-$C$5+1 -> 1 | D32: =D34-$C$5+1 -> 2 | E32: =E34-$C$5+1 -> 3 | F32: =F34-$C$5+1 -> 4 | G32: =G34-$C$5+1 -> 5 | H32: =H34-$C$5+1 -> 6 | I32: =I34-$C$5+1 -> 7 | ... AB32: =AB34-$C$5+1 -> 26
A33: Actief | B33: =IF(AND(B32>0,B32<($C$6+1)),"JA","NEE") -> NEE | C33: =IF(AND(C32>0,C32<($C$6+1)),"JA","NEE") -> JA | D33: =IF(AND(D32>0,D32<($C$6+1)),"JA","NEE") -> JA | E33: =IF(AND(E32>0,E32<($C$6+1)),"JA","NEE") -> JA | F33: =IF(AND(F32>0,F32<($C$6+1)),"JA","NEE") -> JA | G33: =IF(AND(G32>0,G32<($C$6+1)),"JA","NEE") -> JA | H33: =IF(AND(H32>0,H32<($C$6+1)),"JA","NEE") -> JA | I33: =IF(AND(I32>0,I32<($C$6+1)),"JA","NEE") -> JA | ... AB33: =IF(AND(AB32>0,AB32<($C$6+1)),"JA","NEE") -> NEE
B34: 2024 | C34: 2025 | D34: 2026 | E34: 2027 | F34: 2028 | G34: 2029 | H34: 2030 | I34: 2031 | J34: 2032 | K34: 2033 | L34: 2034 | M34: 2035 | N34: 2036 | O34: 2037 | P34: 2038 | Q34: 2039 | R34: 2040 | S34: 2041 | T34: 2042 | U34: 2043 | V34: 2044 | W34: 2045 | X34: 2046 | Y34: 2047 | Z34: 2048 | AA34: 2049 | AB34: 2050 | AD34: Som
A35: G m3 voor | B35: =IF(B33="JA",$C$1,"") | C35: =IF(C33="JA",$C$1,"") -> 750 | D35: =IF(D33="JA",$C$1,"") -> 750 | E35: =IF(E33="JA",$C$1,"") -> 750 | F35: =IF(F33="JA",$C$1,"") -> 750 | G35: =IF(G33="JA",$C$1,"") -> 750 | H35: =IF(H33="JA",$C$1,"") -> 750 | I35: =IF(I33="JA",$C$1,"") -> 750 | ... AB35: =IF(AB33="JA",$C$1,"") | AD35: =SUM(B35:AB35) -> 11250
A36: * <plafond
A37: G kosten voor | B37: =IFERROR(B36*Prijzen!$B$83+(B35-B36)*B49,"") | C37: =IFERROR(C36*Prijzen!$B$83+(C35-C36)*C49,"") -> 938.62256 | D37: =IFERROR(D36*Prijzen!$B$83+(D35-D36)*D49,"") -> 921.54783 | E37: =IFERROR(E36*Prijzen!$B$83+(E35-E36)*E49,"") -> 909.64866 | F37: =IFERROR(F36*Prijzen!$B$83+(F35-F36)*F49,"") -> 916.77209 | G37: =IFERROR(G36*Prijzen!$B$83+(G35-G36)*G49,"") -> 950.3514 | H37: =IFERROR(H36*Prijzen!$B$83+(H35-H36)*H49,"") -> 974.3568 | I37: =IFERROR(I36*Prijzen!$B$83+(I35-I36)*I49,"") -> 987.18789 | ... AB37: =IFERROR(AB36*Prijzen!$B$83+(AB35-AB36)*AB49,"") | AD37: =SUM(B37:AB37) -> 14989.808
A38: E (pomp en ontsteking) | C38: =$G$3*VLOOKUP($C$8,Prijzen!$B$38:$T$41,'Business case'!C31,FALSE) -> 110.35607 | D38: =$G$3*VLOOKUP($C$8,Prijzen!$B$38:$T$41,'Business case'!D31,FALSE) -> 99.588265 | E38: =$G$3*VLOOKUP($C$8,Prijzen!$B$38:$T$41,'Business case'!E31,FALSE) -> 94.486497 | F38: =$G$3*VLOOKUP($C$8,Prijzen!$B$38:$T$41,'Business case'!F31,FALSE) -> 89.881927 | G38: =$G$3*VLOOKUP($C$8,Prijzen!$B$38:$T$41,'Business case'!G31,FALSE) -> 90.889848 | H38: =$G$3*VLOOKUP($C$8,Prijzen!$B$38:$T$41,'Business case'!H31,FALSE) -> 93.64492 | I38: =$G$3*VLOOKUP($C$8,Prijzen!$B$38:$T$41,'Business case'!I31,FALSE) -> 94.434434 | J38: =$G$3*VLOOKUP($C$8,Prijzen!$B$38:$T$41,'Business case'!J31,FALSE) -> 95.239737 | ... Q38: =$G$3*VLOOKUP($C$8,Prijzen!$B$38:$T$41,'Business case'!Q31,FALSE) -> 101.34633 | AD38: =SUM(B38:AB38) -> 1459.1427
A39: CV afschrijving | B39: =IF(B33="JA",-PMT($C$17,Kengetallen!$B$7,Kengetallen!$B$6*Investering!$M$2,0,1),0) -> 0 | C39: =IF(C33="JA",-PMT($C$17,Kengetallen!$B$7,Kengetallen!$B$6*Investering!$M$2,0,1),0) -> 148.15439 | D39: =IF(D33="JA",-PMT($C$17,Kengetallen!$B$7,Kengetallen!$B$6*Investering!$M$2,0,1),0) -> 148.15439 | E39: =IF(E33="JA",-PMT($C$17,Kengetallen!$B$7,Kengetallen!$B$6*Investering!$M$2,0,1),0) -> 148.15439 | F39: =IF(F33="JA",-PMT($C$17,Kengetallen!$B$7,Kengetallen!$B$6*Investering!$M$2,0,1),0) -> 148.15439 | G39: =IF(G33="JA",-PMT($C$17,Kengetallen!$B$7,Kengetallen!$B$6*Investering!$M$2,0,1),0) -> 148.15439 | H39: =IF(H33="JA",-PMT($C$17,Kengetallen!$B$7,Kengetallen!$B$6*Investering!$M$2,0,1),0) -> 148.15439 | I39: =IF(I33="JA",-PMT($C$17,Kengetallen!$B$7,Kengetallen!$B$6*Investering!$M$2,0,1),0) -> 148.15439 | ... AB39: =IF(AB33="JA",-PMT($C$17,Kengetallen!$B$7,Kengetallen!$B$6*Investering!$M$2,0,1),0) -> 0 | AD39: =SUM(B39:AB39) -> 2222.3158
A40: CV onderhoud | B40: =IF(B33="JA",Kengetallen!$B$5*(1+Kengetallen!$B$2)^'Business case'!B$32,0) -> 0 | C40: =IF(C33="JA",Kengetallen!$B$5*(1+Kengetallen!$B$2)^'Business case'!C$32,0) -> 145.9144 | D40: =IF(D33="JA",Kengetallen!$B$5*(1+Kengetallen!$B$2)^'Business case'!D$32,0) -> 148.83269 | E40: =IF(E33="JA",Kengetallen!$B$5*(1+Kengetallen!$B$2)^'Business case'!E$32,0) -> 151.80934 | F40: =IF(F33="JA",Kengetallen!$B$5*(1+Kengetallen!$B$2)^'Business case'!F$32,0) -> 154.84553 | G40: =IF(G33="JA",Kengetallen!$B$5*(1+Kengetallen!$B$2)^'Business case'!G$32,0) -> 157.94244 | H40: =IF(H33="JA",Kengetallen!$B$5*(1+Kengetallen!$B$2)^'Business case'!H$32,0) -> 161.10129 | I40: =IF(I33="JA",Kengetallen!$B$5*(1+Kengetallen!$B$2)^'Business case'!I$32,0) -> 164.32331 | ... AB40: =IF(AB33="JA",Kengetallen!$B$5*(1+Kengetallen!$B$2)^'Business case'!AB$32,0) -> 0 | AD40: =SUM(B40:AB40) -> 2523.3586
A41: Vaste kosten G | B41: =IF(B33="JA",Prijzen!D78,0) -> 0 | C41: =IF(C33="JA",Prijzen!E78,0) -> 294.30315 | D41: =IF(D33="JA",Prijzen!F78,0) -> 300.18921 | E41: =IF(E33="JA",Prijzen!G78,0) -> 306.193 | F41: =IF(F33="JA",Prijzen!H78,0) -> 312.31686 | G41: =IF(G33="JA",Prijzen!I78,0) -> 318.56319 | H41: =IF(H33="JA",Prijzen!J78,0) -> 324.93446 | I41: =IF(I33="JA",Prijzen!K78,0) -> 331.43315 | ... Q41: =IF(Q33="JA",Prijzen!S78,0) -> 388.32676 | R41: =IF(R33="JA",Prijzen!$T$78,0) -> 0 | S41: =IF(S33="JA",Prijzen!$T$78,0) -> 0 | T41: =IF(T33="JA",Prijzen!$T$78,0) -> 0 | U41: =IF(U33="JA",Prijzen!$T$78,0) -> 0 | V41: =IF(V33="JA",Prijzen!$T$78,0) -> 0 | W41: =IF(W33="JA",Prijzen!$T$78,0) -> 0 | X41: =IF(X33="JA",Prijzen!$T$78,0) -> 0 | Y41: =IF(Y33="JA",Prijzen!$T$78,0) -> 0 | ... AB41: =IF(AB33="JA",Prijzen!$T$78,0) -> 0 | AD41: =SUM(B41:AB41) -> 5089.5071
A42: Totaal | B42: =SUM(B37:B41) -> 0 | C42: =SUM(C37:C41) -> 1637.3506 | D42: =SUM(D37:D41) -> 1618.3124 | E42: =SUM(E37:E41) -> 1610.2919 | F42: =SUM(F37:F41) -> 1621.9708 | G42: =SUM(G37:G41) -> 1665.9013 | H42: =SUM(H37:H41) -> 1702.1919 | I42: =SUM(I37:I41) -> 1725.5332 | ... AB42: =SUM(AB37:AB41) -> 0 | AD42: =SUM(B42:AB42) -> 26284.133
A44: Warmtepomp bodem mini-warmtenet collectief
A45: G m3 na | B45: =IF(B33="JA",$C$1*(1-$C$4)*(1-$C$3),0) -> 0 | C45: =IF(C33="JA",$C$1*(1-$C$4)*(1-$C$3),0) -> 0 | D45: =IF(D33="JA",$C$1*(1-$C$4)*(1-$C$3),0) -> 0 | E45: =IF(E33="JA",$C$1*(1-$C$4)*(1-$C$3),0) -> 0 | F45: =IF(F33="JA",$C$1*(1-$C$4)*(1-$C$3),0) -> 0 | G45: =IF(G33="JA",$C$1*(1-$C$4)*(1-$C$3),0) -> 0 | H45: =IF(H33="JA",$C$1*(1-$C$4)*(1-$C$3),0) -> 0 | I45: =IF(I33="JA",$C$1*(1-$C$4)*(1-$C$3),0) -> 0 | ... AB45: =IF(AB33="JA",$C$1*(1-$C$4)*(1-$C$3),0) -> 0 | AD45: =SUM(B45:AB45) -> 0
A46: * <plafond | AD46: =SUM(B46:AB46) -> 0
A47: E kWh na | B47: =IF(B33="JA",$C$1*(1-$C$3)*$C$4*9.5/$C$14,0) -> 0 | C47: =IF(C33="JA",$C$1*(1-$C$3)*$C$4*9.5/$C$14,0) -> 1452.075 | D47: =IF(D33="JA",$C$1*(1-$C$3)*$C$4*9.5/$C$14,0) -> 1452.075 | E47: =IF(E33="JA",$C$1*(1-$C$3)*$C$4*9.5/$C$14,0) -> 1452.075 | F47: =IF(F33="JA",$C$1*(1-$C$3)*$C$4*9.5/$C$14,0) -> 1452.075 | G47: =IF(G33="JA",$C$1*(1-$C$3)*$C$4*9.5/$C$14,0) -> 1452.075 | H47: =IF(H33="JA",$C$1*(1-$C$3)*$C$4*9.5/$C$14,0) -> 1452.075 | I47: =IF(I33="JA",$C$1*(1-$C$3)*$C$4*9.5/$C$14,0) -> 1452.075 | ... AB47: =IF(AB33="JA",$C$1*(1-$C$3)*$C$4*9.5/$C$14,0) -> 0 | AD47: =SUM(B47:AB47) -> 21781.125
A48: * <plafond | AD48: =SUM(B48:AB48) -> 0
A49: G prijs | B49: =VLOOKUP($C$8,Prijzen!$B$32:$T$35,'Business case'!B31,FALSE) -> 1.2487561 | C49: =VLOOKUP($C$8,Prijzen!$B$32:$T$35,'Business case'!C31,FALSE) -> 1.2514967 | D49: =VLOOKUP($C$8,Prijzen!$B$32:$T$35,'Business case'!D31,FALSE) -> 1.2287304 | E49: =VLOOKUP($C$8,Prijzen!$B$32:$T$35,'Business case'!E31,FALSE) -> 1.2128649 | F49: =VLOOKUP($C$8,Prijzen!$B$32:$T$35,'Business case'!F31,FALSE) -> 1.2223628 | G49: =VLOOKUP($C$8,Prijzen!$B$32:$T$35,'Business case'!G31,FALSE) -> 1.2671352 | H49: =VLOOKUP($C$8,Prijzen!$B$32:$T$35,'Business case'!H31,FALSE) -> 1.2991424 | I49: =VLOOKUP($C$8,Prijzen!$B$32:$T$35,'Business case'!I31,FALSE) -> 1.3162505 | ... AB49: =VLOOKUP($C$8,Prijzen!$B$32:$T$35,'Business case'!AB31,FALSE) -> 1.2991424 | AD49: =SUM(B49:AB49) -> 35.713063
A50: E prijs | B50: =VLOOKUP($C$8,Prijzen!$B$38:$T$41,'Business case'!B31,FALSE) -> 0.30772436 | C50: =VLOOKUP($C$8,Prijzen!$B$38:$T$41,'Business case'!C31,FALSE) -> 0.27589018 | D50: =VLOOKUP($C$8,Prijzen!$B$38:$T$41,'Business case'!D31,FALSE) -> 0.24897066 | E50: =VLOOKUP($C$8,Prijzen!$B$38:$T$41,'Business case'!E31,FALSE) -> 0.23621624 | F50: =VLOOKUP($C$8,Prijzen!$B$38:$T$41,'Business case'!F31,FALSE) -> 0.22470482 | G50: =VLOOKUP($C$8,Prijzen!$B$38:$T$41,'Business case'!G31,FALSE) -> 0.22722462 | H50: =VLOOKUP($C$8,Prijzen!$B$38:$T$41,'Business case'!H31,FALSE) -> 0.2341123 | I50: =VLOOKUP($C$8,Prijzen!$B$38:$T$41,'Business case'!I31,FALSE) -> 0.23608608 | ... AB50: =VLOOKUP($C$8,Prijzen!$B$38:$T$41,'Business case'!AB31,FALSE) -> 0.2341123 | AD50: =SUM(B50:AB50) -> 6.5524288
A51: Verh G>E | B51: =B50/(B49/9.5) -> 2.3410348 | C51: =C50/(C49/9.5) -> 2.0942577 | D51: =D50/(D49/9.5) -> 1.924931 | E51: =E50/(E49/9.5) -> 1.8502097 | F51: =F50/(F49/9.5) -> 1.7463684 | G51: =G50/(G49/9.5) -> 1.7035545 | H51: =H50/(H49/9.5) -> 1.71195 | I51: =I50/(I49/9.5) -> 1.7039445 | ... AB51: =AB50/(AB49/9.5) -> 1.71195 | AD51: =SUM(B51:AB51) -> 47.179825
A52: G kosten na | B52: =IFERROR(B46*Prijzen!$B$83+('Business case'!B45-'Business case'!B46)*'Business case'!B49,"") -> 0 | C52: =IFERROR(C46*Prijzen!$B$83+('Business case'!C45-'Business case'!C46)*'Business case'!C49,"") -> 0 | D52: =IFERROR(D46*Prijzen!$B$83+('Business case'!D45-'Business case'!D46)*'Business case'!D49,"") -> 0 | E52: =IFERROR(E46*Prijzen!$B$83+('Business case'!E45-'Business case'!E46)*'Business case'!E49,"") -> 0 | F52: =IFERROR(F46*Prijzen!$B$83+('Business case'!F45-'Business case'!F46)*'Business case'!F49,"") -> 0 | G52: =IFERROR(G46*Prijzen!$B$83+('Business case'!G45-'Business case'!G46)*'Business case'!G49,"") -> 0 | H52: =IFERROR(H46*Prijzen!$B$83+('Business case'!H45-'Business case'!H46)*'Business case'!H49,"") -> 0 | I52: =IFERROR(I46*Prijzen!$B$83+('Business case'!I45-'Business case'!I46)*'Business case'!I49,"") -> 0 | ... AB52: =IFERROR(AB46*Prijzen!$B$83+('Business case'!AB45-'Business case'!AB46)*'Business case'!AB49,"") -> 0 | AD52: =SUM(B52:AB52) -> 0
A53: E kosten na | B53: =IFERROR(B48*Prijzen!$C$83+('Business case'!B47-'Business case'!B48)*'Business case'!B50,"") -> 0 | C53: =IFERROR(C48*Prijzen!$C$83+('Business case'!C47-'Business case'!C48)*'Business case'!C50,"") -> 400.61324 | D53: =IFERROR(D48*Prijzen!$C$83+('Business case'!D47-'Business case'!D48)*'Business case'!D50,"") -> 361.52407 | E53: =IFERROR(E48*Prijzen!$C$83+('Business case'!E47-'Business case'!E48)*'Business case'!E50,"") -> 343.0037 | F53: =IFERROR(F48*Prijzen!$C$83+('Business case'!F47-'Business case'!F48)*'Business case'!F50,"") -> 326.28825 | G53: =IFERROR(G48*Prijzen!$C$83+('Business case'!G47-'Business case'!G48)*'Business case'!G50,"") -> 329.94719 | H53: =IFERROR(H48*Prijzen!$C$83+('Business case'!H47-'Business case'!H48)*'Business case'!H50,"") -> 339.94862 | I53: =IFERROR(I48*Prijzen!$C$83+('Business case'!I47-'Business case'!I48)*'Business case'!I50,"") -> 342.8147 | ... AB53: =IFERROR(AB48*Prijzen!$C$83+('Business case'!AB47-'Business case'!AB48)*'Business case'!AB50,"") -> 0 | AD53: =SUM(B53:AB53) -> 5296.9615
A54: CV afschrijving | B54: =IF($C$4=100%,0,B39) -> 0 | C54: =IF($C$4=100%,0,C39) -> 0 | D54: =IF($C$4=100%,0,D39) -> 0 | E54: =IF($C$4=100%,0,E39) -> 0 | F54: =IF($C$4=100%,0,F39) -> 0 | G54: =IF($C$4=100%,0,G39) -> 0 | H54: =IF($C$4=100%,0,H39) -> 0 | I54: =IF($C$4=100%,0,I39) -> 0 | ... AB54: =IF($C$4=100%,0,AB39) -> 0 | AD54: =SUM(B54:AB54) -> 0
A55: CV onderhoud | B55: =IF($C$4=100%,0,B40) -> 0 | C55: =IF($C$4=100%,0,C40) -> 0 | D55: =IF($C$4=100%,0,D40) -> 0 | E55: =IF($C$4=100%,0,E40) -> 0 | F55: =IF($C$4=100%,0,F40) -> 0 | G55: =IF($C$4=100%,0,G40) -> 0 | H55: =IF($C$4=100%,0,H40) -> 0 | I55: =IF($C$4=100%,0,I40) -> 0 | ... AB55: =IF($C$4=100%,0,AB40) -> 0 | AD55: =SUM(B55:AB55) -> 0
A56: Vaste kosten G | B56: =IF(B33="JA",IF($C$4="100"%,0,Prijzen!D78),0) -> 0 | C56: =IF(C33="JA",IF($C$4="100"%,0,Prijzen!E78),0) -> 0 | D56: =IF(D33="JA",IF($C$4="100"%,0,Prijzen!F78),0) -> 0 | E56: =IF(E33="JA",IF($C$4="100"%,0,Prijzen!G78),0) -> 0 | F56: =IF(F33="JA",IF($C$4="100"%,0,Prijzen!H78),0) -> 0 | G56: =IF(G33="JA",IF($C$4="100"%,0,Prijzen!I78),0) -> 0 | H56: =IF(H33="JA",IF($C$4="100"%,0,Prijzen!J78),0) -> 0 | I56: =IF(I33="JA",IF($C$4="100"%,0,Prijzen!K78),0) -> 0 | ... Q56: =IF(Q33="JA",IF($C$4="100"%,0,Prijzen!S78),0) -> 0 | R56: =IF(R33="JA",IF($C$4="100"%,0,Prijzen!$T$78),0) -> 0 | S56: =IF(S33="JA",IF($C$4="100"%,0,Prijzen!$T$78),0) -> 0 | T56: =IF(T33="JA",IF($C$4="100"%,0,Prijzen!$T$78),0) -> 0 | U56: =IF(U33="JA",IF($C$4="100"%,0,Prijzen!$T$78),0) -> 0 | V56: =IF(V33="JA",IF($C$4="100"%,0,Prijzen!$T$78),0) -> 0 | W56: =IF(W33="JA",IF($C$4="100"%,0,Prijzen!$T$78),0) -> 0 | X56: =IF(X33="JA",IF($C$4="100"%,0,Prijzen!$T$78),0) -> 0 | Y56: =IF(Y33="JA",IF($C$4="100"%,0,Prijzen!$T$78),0) -> 0 | ... AA56: =IF(AA33="JA",IF($C$4="100"%,0,Prijzen!$T$78),0) -> 0 | AB56: =IF(AB33="JA",IF($C$4="100"%,0,Prijzen!AC78),0) -> 0 | AD56: =SUM(B56:AB56) -> 0
A57: WP+ISO afschrijving | B57: =IF(B$33="JA",-PMT($C$17,15,$C$15,0,1),0) -> 0 | C57: =IF(C$33="JA",-PMT($C$17,15,$C$15,0,1),0) -> 1365.6732 | D57: =IF(D$33="JA",-PMT($C$17,15,$C$15,0,1),0) -> 1365.6732 | E57: =IF(E$33="JA",-PMT($C$17,15,$C$15,0,1),0) -> 1365.6732 | F57: =IF(F$33="JA",-PMT($C$17,15,$C$15,0,1),0) -> 1365.6732 | G57: =IF(G$33="JA",-PMT($C$17,15,$C$15,0,1),0) -> 1365.6732 | H57: =IF(H$33="JA",-PMT($C$17,15,$C$15,0,1),0) -> 1365.6732 | I57: =IF(I$33="JA",-PMT($C$17,15,$C$15,0,1),0) -> 1365.6732 | ... AB57: =IF(AB$33="JA",-PMT($C$17,15,$C$15,0,1),0) -> 0 | AD57: =SUM(B57:AB57) -> 20485.098
A58: WP onderhoud | B58: =IF(B33="JA",Kengetallen!$B$62*(1+Kengetallen!$B$2)^'Business case'!B$32,0) -> 0 | C58: =IF(C33="JA",Kengetallen!$B$62*(1+Kengetallen!$B$2)^'Business case'!C$32,0) -> 153 | D58: =IF(D33="JA",Kengetallen!$B$62*(1+Kengetallen!$B$2)^'Business case'!D$32,0) -> 156.06 | E58: =IF(E33="JA",Kengetallen!$B$62*(1+Kengetallen!$B$2)^'Business case'!E$32,0) -> 159.1812 | F58: =IF(F33="JA",Kengetallen!$B$62*(1+Kengetallen!$B$2)^'Business case'!F$32,0) -> 162.36482 | G58: =IF(G33="JA",Kengetallen!$B$62*(1+Kengetallen!$B$2)^'Business case'!G$32,0) -> 165.61212 | H58: =IF(H33="JA",Kengetallen!$B$62*(1+Kengetallen!$B$2)^'Business case'!H$32,0) -> 168.92436 | I58: =IF(I33="JA",Kengetallen!$B$62*(1+Kengetallen!$B$2)^'Business case'!I$32,0) -> 172.30285 | ... AB58: =IF(AB33="JA",Kengetallen!$B$62*(1+Kengetallen!$B$2)^'Business case'!AB$32,0) -> 0 | AD58: =SUM(B58:AB58) -> 2645.8928
A59: PV opbrengst kWh | B59: =IF(B33="JA",($C$19+$C$7)*(1+Kengetallen!$B$19)^B32,0) -> 0 | C59: =IF(C33="JA",($C$19+$C$7)*(1+Kengetallen!$B$19)^C32,0) -> 1441.9105 | D59: =IF(D33="JA",($C$19+$C$7)*(1+Kengetallen!$B$19)^D32,0) -> 1431.8171 | E59: =IF(E33="JA",($C$19+$C$7)*(1+Kengetallen!$B$19)^E32,0) -> 1421.7944 | F59: =IF(F33="JA",($C$19+$C$7)*(1+Kengetallen!$B$19)^F32,0) -> 1411.8418 | G59: =IF(G33="JA",($C$19+$C$7)*(1+Kengetallen!$B$19)^G32,0) -> 1401.9589 | H59: =IF(H33="JA",($C$19+$C$7)*(1+Kengetallen!$B$19)^H32,0) -> 1392.1452 | I59: =IF(I33="JA",($C$19+$C$7)*(1+Kengetallen!$B$19)^I32,0) -> 1382.4002 | ... AB59: =IF(AB33="JA",($C$19+$C$7)*(1+Kengetallen!$B$19)^AB32,0) -> 0 | AD59: =SUM(B59:AB59) -> 20600.336
A60: PV eigen verbruik | B60: =IF(B33="JA",B59*$C$16,0) -> 0 | C60: =IF(C33="JA",C59*$C$16,0) -> 576.76419 | D60: =IF(D33="JA",D59*$C$16,0) -> 572.72684 | E60: =IF(E33="JA",E59*$C$16,0) -> 568.71775 | F60: =IF(F33="JA",F59*$C$16,0) -> 564.73673 | G60: =IF(G33="JA",G59*$C$16,0) -> 560.78357 | H60: =IF(H33="JA",H59*$C$16,0) -> 556.85809 | I60: =IF(I33="JA",I59*$C$16,0) -> 552.96008 | ... AB60: =IF(AB33="JA",AB59*$C$16,0) -> 0 | AD60: =SUM(B60:AB60) -> 8240.1342
A61: PV salderen max | B61: =IF(B33="JA",($C$2+B47-B60)*Prijzen!D62,0) -> 0 | C61: =IF(C33="JA",($C$2+C47-C60)*Prijzen!E62,0) -> 2800.1989 | D61: =IF(D33="JA",($C$2+D47-D60)*Prijzen!F62,0) -> 2802.7828 | E61: =IF(E33="JA",($C$2+E47-E60)*Prijzen!G62,0) -> 2410.8465 | F61: =IF(F33="JA",($C$2+F47-F60)*Prijzen!H62,0) -> 2018.1756 | G61: =IF(G33="JA",($C$2+G47-G60)*Prijzen!I62,0) -> 1624.7778 | H61: =IF(H33="JA",($C$2+H47-H60)*Prijzen!J62,0) -> 1230.6607 | I61: =IF(I33="JA",($C$2+I47-I60)*Prijzen!K62,0) -> 0 | ... AB61: =IF(AB33="JA",($C$2+AB47-AB60)*Prijzen!AD62,0) -> 0 | AD61: =SUM(B61:AB61) -> 12887.442
A62: PV salderen | B62: =IF(B33="JA",MIN((B59-B60),B61),0) -> 0 | C62: =IF(C33="JA",MIN((C59-C60),C61),0) -> 865.14629 | D62: =IF(D33="JA",MIN((D59-D60),D61),0) -> 859.09026 | E62: =IF(E33="JA",MIN((E59-E60),E61),0) -> 853.07663 | F62: =IF(F33="JA",MIN((F59-F60),F61),0) -> 847.10509 | G62: =IF(G33="JA",MIN((G59-G60),G61),0) -> 841.17536 | H62: =IF(H33="JA",MIN((H59-H60),H61),0) -> 835.28713 | I62: =IF(I33="JA",MIN((I59-I60),I61),0) -> 0 | ... AB62: =IF(AB33="JA",MIN((AB59-AB60),AB61),0) -> 0 | AD62: =SUM(B62:AB62) -> 5100.8808
A63: PV terugleveren | B63: =IF(B33="JA",B59-B60-B62,0) -> 0 | C63: =IF(C33="JA",C59-C60-C62,0) -> 0 | D63: =IF(D33="JA",D59-D60-D62,0) -> 0 | E63: =IF(E33="JA",E59-E60-E62,0) -> 0 | F63: =IF(F33="JA",F59-F60-F62,0) -> 0 | G63: =IF(G33="JA",G59-G60-G62,0) -> 0 | H63: =IF(H33="JA",H59-H60-H62,0) -> 0 | I63: =IF(I33="JA",I59-I60-I62,0) -> 829.44012 | ... AB63: =IF(AB33="JA",AB59-AB60-AB62,0) -> 0 | AD63: =SUM(B63:AB63) -> 7259.3205
A64: PV opbrengst €/kWh | B64: =IF(B33="JA",B65/B59,0) -> 0 | C64: =IF(C33="JA",C65/C59,0) -> 0.27589018 | D64: =IF(D33="JA",D65/D59,0) -> 0.24897066 | E64: =IF(E33="JA",E65/E59,0) -> 0.23621624 | F64: =IF(F33="JA",F65/F59,0) -> 0.22470482 | G64: =IF(G33="JA",G65/G59,0) -> 0.22722462 | H64: =IF(H33="JA",H65/H59,0) -> 0.2341123 | I64: =IF(I33="JA",I65/I59,0) -> 0.15943754 | ... AB64: =IF(AB33="JA",AB65/AB59,0) -> 0 | AD64: =SUM(B64:AB64) -> 2.9124419
A65: PV opbrengst € | B65: =IF(B33="JA",B60*B50+B62*B50+B63*VLOOKUP($C$8,Prijzen!$B$65:$T$68,'Business case'!B31,FALSE),0) -> 0 | C65: =IF(C33="JA",C60*C50+C62*C50+C63*VLOOKUP($C$8,Prijzen!$B$65:$T$68,'Business case'!C31,FALSE),0) -> 397.80895 | D65: =IF(D33="JA",D60*D50+D62*D50+D63*VLOOKUP($C$8,Prijzen!$B$65:$T$68,'Business case'!D31,FALSE),0) -> 356.48045 | E65: =IF(E33="JA",E60*E50+E62*E50+E63*VLOOKUP($C$8,Prijzen!$B$65:$T$68,'Business case'!E31,FALSE),0) -> 335.85093 | F65: =IF(F33="JA",F60*F50+F62*F50+F63*VLOOKUP($C$8,Prijzen!$B$65:$T$68,'Business case'!F31,FALSE),0) -> 317.24766 | G65: =IF(G33="JA",G60*G50+G62*G50+G63*VLOOKUP($C$8,Prijzen!$B$65:$T$68,'Business case'!G31,FALSE),0) -> 318.55959 | H65: =IF(H33="JA",H60*H50+H62*H50+H63*VLOOKUP($C$8,Prijzen!$B$65:$T$68,'Business case'!H31,FALSE),0) -> 325.91832 | I65: =IF(I33="JA",I60*I50+I62*I50+I63*VLOOKUP($C$8,Prijzen!$B$65:$T$68,'Business case'!I31,FALSE),0) -> 220.40648 | ... AB65: =IF(AB33="JA",AB60*AB50+AB62*AB50+AB63*VLOOKUP($C$8,Prijzen!$B$65:$T$68,'Business case'!AB31,FALSE),0) -> 0 | AD65: =SUM(B65:AB65) -> 4021.2377
A66: PV afschrijving | B66: =IF(B33="JA",-PMT($C$17,Kengetallen!$B$16,Investering!$D$30,0,1),0) -> 0 | C66: =IF(C33="JA",-PMT($C$17,Kengetallen!$B$16,Investering!$D$30,0,1),0) -> 111.07322 | D66: =IF(D33="JA",-PMT($C$17,Kengetallen!$B$16,Investering!$D$30,0,1),0) -> 111.07322 | E66: =IF(E33="JA",-PMT($C$17,Kengetallen!$B$16,Investering!$D$30,0,1),0) -> 111.07322 | F66: =IF(F33="JA",-PMT($C$17,Kengetallen!$B$16,Investering!$D$30,0,1),0) -> 111.07322 | G66: =IF(G33="JA",-PMT($C$17,Kengetallen!$B$16,Investering!$D$30,0,1),0) -> 111.07322 | H66: =IF(H33="JA",-PMT($C$17,Kengetallen!$B$16,Investering!$D$30,0,1),0) -> 111.07322 | I66: =IF(I33="JA",-PMT($C$17,Kengetallen!$B$16,Investering!$D$30,0,1),0) -> 111.07322 | ... AB66: =IF(AB33="JA",-PMT($C$17,Kengetallen!$B$16,Investering!$D$30,0,1),0) -> 0 | AD66: =SUM(B66:AB66) -> 1666.0983
A67: PV onderhoud | B67: =IF(B33="JA",IF($C$19>0,Kengetallen!$B$20*(1+Kengetallen!$B$2)^'Business case'!B$32,0),0) -> 0 | C67: =IF(C33="JA",IF($C$19>0,Kengetallen!$B$20*(1+Kengetallen!$B$2)^'Business case'!C$32,0),0) -> 25.5 | D67: =IF(D33="JA",IF($C$19>0,Kengetallen!$B$20*(1+Kengetallen!$B$2)^'Business case'!D$32,0),0) -> 26.01 | E67: =IF(E33="JA",IF($C$19>0,Kengetallen!$B$20*(1+Kengetallen!$B$2)^'Business case'!E$32,0),0) -> 26.5302 | F67: =IF(F33="JA",IF($C$19>0,Kengetallen!$B$20*(1+Kengetallen!$B$2)^'Business case'!F$32,0),0) -> 27.060804 | G67: =IF(G33="JA",IF($C$19>0,Kengetallen!$B$20*(1+Kengetallen!$B$2)^'Business case'!G$32,0),0) -> 27.60202 | H67: =IF(H33="JA",IF($C$19>0,Kengetallen!$B$20*(1+Kengetallen!$B$2)^'Business case'!H$32,0),0) -> 28.15406 | I67: =IF(I33="JA",IF($C$19>0,Kengetallen!$B$20*(1+Kengetallen!$B$2)^'Business case'!I$32,0),0) -> 28.717142 | ... AB67: =IF(AB33="JA",IF($C$19>0,Kengetallen!$B$20*(1+Kengetallen!$B$2)^'Business case'!AB$32,0),0) -> 0 | AD67: =SUM(B67:AB67) -> 440.98213
A68: Totaal | B68: =SUM(B52:B58)-B65+B66+B67 -> 0 | C68: =SUM(C52:C58)-C65+C66+C67 -> 1658.0507 | D68: =SUM(D52:D58)-D65+D66+D67 -> 1663.8601 | E68: =SUM(E52:E58)-E65+E66+E67 -> 1669.6106 | F68: =SUM(F52:F58)-F65+F66+F67 -> 1675.2127 | G68: =SUM(G52:G58)-G65+G66+G67 -> 1681.3482 | H68: =SUM(H52:H58)-H65+H66+H67 -> 1687.8552 | I68: =SUM(I52:I58)-I65+I66+I67 -> 1800.1747 | ... AB68: =SUM(AB52:AB58)-AB65+AB66+AB67 -> 0 | AD68: =SUM(B68:AB68) -> 26513.795
A69: jaarlijkse lasten | B69: =B53+B58-B65+B67 -> 0 | C69: =C53+C58-C65+C67 -> 181.30429 | D69: =D53+D58-D65+D67 -> 187.11362 | E69: =E53+E58-E65+E67 -> 192.86417 | F69: =F53+F58-F65+F67 -> 198.46622 | G69: =G53+G58-G65+G67 -> 204.60175 | H69: =H53+H58-H65+H67 -> 211.10872 | I69: =I53+I58-I65+I67 -> 323.42821 | ... AB69: =AB53+AB58-AB65+AB67 -> 0
A70: Besparing | B70: =IFERROR(B42-B68,"") -> 0 | C70: =IFERROR(C42-C68,"") -> -20.700162 | D70: =IFERROR(D42-D68,"") -> -45.547678 | E70: =IFERROR(E42-E68,"") -> -59.318732 | F70: =IFERROR(F42-F68,"") -> -53.241869 | G70: =IFERROR(G42-G68,"") -> -15.446913 | H70: =IFERROR(H42-H68,"") -> 14.336696 | I70: =IFERROR(I42-I68,"") -> -74.641475 | ... AB70: =IFERROR(AB42-AB68,"") -> 0 | AD70: =SUM(B70:AB70) -> -229.66287
A72: Warmtepomp bodem mini-warmtenet individueel
A73: G m3 na | B73: =IF(B61="JA",$C$1*(1-$C$4)*(1-$C$3),0) -> 0 | C73: =IF(C61="JA",$C$1*(1-$C$4)*(1-$C$3),0) -> 0 | D73: =IF(D61="JA",$C$1*(1-$C$4)*(1-$C$3),0) -> 0 | E73: =IF(E61="JA",$C$1*(1-$C$4)*(1-$C$3),0) -> 0 | F73: =IF(F61="JA",$C$1*(1-$C$4)*(1-$C$3),0) -> 0 | G73: =IF(G61="JA",$C$1*(1-$C$4)*(1-$C$3),0) -> 0 | H73: =IF(H61="JA",$C$1*(1-$C$4)*(1-$C$3),0) -> 0 | I73: =IF(I61="JA",$C$1*(1-$C$4)*(1-$C$3),0) -> 0 | ... AB73: =IF(AB61="JA",$C$1*(1-$C$4)*(1-$C$3),0) -> 0 | AD73: =SUM(B73:AB73) -> 0
A74: * <plafond | AD74: =SUM(B74:AB74) -> 0
A75: E kWh na | B75: =IF(B33="JA",$C$1*(1-$C$3)*$C$4*9.5/$D$14,0) -> 0 | C75: =IF(C33="JA",$C$1*(1-$C$3)*$C$4*9.5/$D$14,0) -> 1452.075 | D75: =IF(D33="JA",$C$1*(1-$C$3)*$C$4*9.5/$D$14,0) -> 1452.075 | E75: =IF(E33="JA",$C$1*(1-$C$3)*$C$4*9.5/$D$14,0) -> 1452.075 | F75: =IF(F33="JA",$C$1*(1-$C$3)*$C$4*9.5/$D$14,0) -> 1452.075 | G75: =IF(G33="JA",$C$1*(1-$C$3)*$C$4*9.5/$D$14,0) -> 1452.075 | H75: =IF(H33="JA",$C$1*(1-$C$3)*$C$4*9.5/$D$14,0) -> 1452.075 | I75: =IF(I33="JA",$C$1*(1-$C$3)*$C$4*9.5/$D$14,0) -> 1452.075 | ... AB75: =IF(AB33="JA",$C$1*(1-$C$3)*$C$4*9.5/$D$14,0) -> 0 | AD75: =SUM(B75:AB75) -> 21781.125
A76: * <plafond | AD76: =SUM(B76:AB76) -> 0
A77: G prijs | B77: =VLOOKUP($C$8,Prijzen!$B$32:$T$35,'Business case'!B31,FALSE) -> 1.2487561 | C77: =VLOOKUP($C$8,Prijzen!$B$32:$T$35,'Business case'!C31,FALSE) -> 1.2514967 | D77: =VLOOKUP($C$8,Prijzen!$B$32:$T$35,'Business case'!D31,FALSE) -> 1.2287304 | E77: =VLOOKUP($C$8,Prijzen!$B$32:$T$35,'Business case'!E31,FALSE) -> 1.2128649 | F77: =VLOOKUP($C$8,Prijzen!$B$32:$T$35,'Business case'!F31,FALSE) -> 1.2223628 | G77: =VLOOKUP($C$8,Prijzen!$B$32:$T$35,'Business case'!G31,FALSE) -> 1.2671352 | H77: =VLOOKUP($C$8,Prijzen!$B$32:$T$35,'Business case'!H31,FALSE) -> 1.2991424 | I77: =VLOOKUP($C$8,Prijzen!$B$32:$T$35,'Business case'!I31,FALSE) -> 1.3162505 | ... AB77: =VLOOKUP($C$8,Prijzen!$B$32:$T$35,'Business case'!AB31,FALSE) -> 1.2991424 | AD77: =SUM(B77:AB77) -> 35.713063
A78: E prijs | B78: =VLOOKUP($C$8,Prijzen!$B$38:$T$41,'Business case'!B31,FALSE) -> 0.30772436 | C78: =VLOOKUP($C$8,Prijzen!$B$38:$T$41,'Business case'!C31,FALSE) -> 0.27589018 | D78: =VLOOKUP($C$8,Prijzen!$B$38:$T$41,'Business case'!D31,FALSE) -> 0.24897066 | E78: =VLOOKUP($C$8,Prijzen!$B$38:$T$41,'Business case'!E31,FALSE) -> 0.23621624 | F78: =VLOOKUP($C$8,Prijzen!$B$38:$T$41,'Business case'!F31,FALSE) -> 0.22470482 | G78: =VLOOKUP($C$8,Prijzen!$B$38:$T$41,'Business case'!G31,FALSE) -> 0.22722462 | H78: =VLOOKUP($C$8,Prijzen!$B$38:$T$41,'Business case'!H31,FALSE) -> 0.2341123 | I78: =VLOOKUP($C$8,Prijzen!$B$38:$T$41,'Business case'!I31,FALSE) -> 0.23608608 | ... AB78: =VLOOKUP($C$8,Prijzen!$B$38:$T$41,'Business case'!AB31,FALSE) -> 0.2341123 | AD78: =SUM(B78:AB78) -> 6.5524288
A79: Verh G>E | B79: =B78/(B77/9.5) -> 2.3410348 | C79: =C78/(C77/9.5) -> 2.0942577 | D79: =D78/(D77/9.5) -> 1.924931 | E79: =E78/(E77/9.5) -> 1.8502097 | F79: =F78/(F77/9.5) -> 1.7463684 | G79: =G78/(G77/9.5) -> 1.7035545 | H79: =H78/(H77/9.5) -> 1.71195 | I79: =I78/(I77/9.5) -> 1.7039445 | ... AB79: =AB78/(AB77/9.5) -> 1.71195 | AD79: =SUM(B79:AB79) -> 47.179825
A80: G kosten na | B80: =IFERROR(B46*Prijzen!$B$83+('Business case'!B45-'Business case'!B46)*'Business case'!B77,"") -> 0 | C80: =IFERROR(C46*Prijzen!$B$83+('Business case'!C45-'Business case'!C46)*'Business case'!C77,"") -> 0 | D80: =IFERROR(D46*Prijzen!$B$83+('Business case'!D45-'Business case'!D46)*'Business case'!D77,"") -> 0 | E80: =IFERROR(E46*Prijzen!$B$83+('Business case'!E45-'Business case'!E46)*'Business case'!E77,"") -> 0 | F80: =IFERROR(F46*Prijzen!$B$83+('Business case'!F45-'Business case'!F46)*'Business case'!F77,"") -> 0 | G80: =IFERROR(G46*Prijzen!$B$83+('Business case'!G45-'Business case'!G46)*'Business case'!G77,"") -> 0 | H80: =IFERROR(H46*Prijzen!$B$83+('Business case'!H45-'Business case'!H46)*'Business case'!H77,"") -> 0 | I80: =IFERROR(I46*Prijzen!$B$83+('Business case'!I45-'Business case'!I46)*'Business case'!I77,"") -> 0 | ... AB80: =IFERROR(AB46*Prijzen!$B$83+('Business case'!AB45-'Business case'!AB46)*'Business case'!AB77,"") -> 0 | AD80: =SUM(B80:AB80) -> 0
A81: E kosten na | B81: =IFERROR(B48*Prijzen!$C$83+('Business case'!B47-'Business case'!B48)*'Business case'!B78,"") -> 0 | C81: =IFERROR(C48*Prijzen!$C$83+('Business case'!C47-'Business case'!C48)*'Business case'!C78,"") -> 400.61324 | D81: =IFERROR(D48*Prijzen!$C$83+('Business case'!D47-'Business case'!D48)*'Business case'!D78,"") -> 361.52407 | E81: =IFERROR(E48*Prijzen!$C$83+('Business case'!E47-'Business case'!E48)*'Business case'!E78,"") -> 343.0037 | F81: =IFERROR(F48*Prijzen!$C$83+('Business case'!F47-'Business case'!F48)*'Business case'!F78,"") -> 326.28825 | G81: =IFERROR(G48*Prijzen!$C$83+('Business case'!G47-'Business case'!G48)*'Business case'!G78,"") -> 329.94719 | H81: =IFERROR(H48*Prijzen!$C$83+('Business case'!H47-'Business case'!H48)*'Business case'!H78,"") -> 339.94862 | I81: =IFERROR(I48*Prijzen!$C$83+('Business case'!I47-'Business case'!I48)*'Business case'!I78,"") -> 342.8147 | ... AB81: =IFERROR(AB48*Prijzen!$C$83+('Business case'!AB47-'Business case'!AB48)*'Business case'!AB78,"") -> 0 | AD81: =SUM(B81:AB81) -> 5296.9615
A82: CV afschrijving | B82: =IF($C$4=100%,0,B39) -> 0 | C82: =IF($C$4=100%,0,C39) -> 0 | D82: =IF($C$4=100%,0,D39) -> 0 | E82: =IF($C$4=100%,0,E39) -> 0 | F82: =IF($C$4=100%,0,F39) -> 0 | G82: =IF($C$4=100%,0,G39) -> 0 | H82: =IF($C$4=100%,0,H39) -> 0 | I82: =IF($C$4=100%,0,I39) -> 0 | ... AB82: =IF($C$4=100%,0,AB39) -> 0 | AD82: =SUM(B82:AB82) -> 0
A83: CV onderhoud | AD83: =SUM(B83:AB83) -> 0
A84: Vaste kosten G | B84: =IF(B33="JA",IF($C$4="100"%,0,Prijzen!D78),0) -> 0 | C84: =IF(C33="JA",IF($C$4="100"%,0,Prijzen!E78),0) -> 0 | D84: =IF(D33="JA",IF($C$4="100"%,0,Prijzen!F78),0) -> 0 | E84: =IF(E33="JA",IF($C$4="100"%,0,Prijzen!G78),0) -> 0 | F84: =IF(F33="JA",IF($C$4="100"%,0,Prijzen!H78),0) -> 0 | G84: =IF(G33="JA",IF($C$4="100"%,0,Prijzen!I78),0) -> 0 | H84: =IF(H33="JA",IF($C$4="100"%,0,Prijzen!J78),0) -> 0 | I84: =IF(I33="JA",IF($C$4="100"%,0,Prijzen!K78),0) -> 0 | ... AB84: =IF(AB33="JA",IF($C$4="100"%,0,Prijzen!AD78),0) -> 0 | AD84: =SUM(B84:AB84) -> 0
A85: WP+ISO afschrijving | B85: =IF(B$33="JA",-PMT($C$17,15,$C$15,0,1),0) -> 0 | C85: =IF(C$33="JA",-PMT($D$17,15,$D$15,0,1),0) -> 1471.445 | D85: =IF(D$33="JA",-PMT($D$17,15,$D$15,0,1),0) -> 1471.445 | E85: =IF(E$33="JA",-PMT($D$17,15,$D$15,0,1),0) -> 1471.445 | F85: =IF(F$33="JA",-PMT($D$17,15,$D$15,0,1),0) -> 1471.445 | G85: =IF(G$33="JA",-PMT($D$17,15,$D$15,0,1),0) -> 1471.445 | H85: =IF(H$33="JA",-PMT($D$17,15,$D$15,0,1),0) -> 1471.445 | I85: =IF(I$33="JA",-PMT($D$17,15,$D$15,0,1),0) -> 1471.445 | J85: =IF(J$33="JA",-PMT($D$17,15,$D$15,0,1),0) -> 1471.445 | ... AB85: =IF(AB$33="JA",-PMT($D$17,15,$D$15,0,1),0) -> 0 | AD85: =SUM(B85:AB85) -> 22071.674
A86: WP onderhoud | B86: =IF(B33="JA",Kengetallen!$B$62*(1+Kengetallen!$B$2)^'Business case'!B$32,0) -> 0 | C86: =IF(C33="JA",Kengetallen!$B$62*(1+Kengetallen!$B$2)^'Business case'!C$32,0) -> 153 | D86: =IF(D33="JA",Kengetallen!$B$62*(1+Kengetallen!$B$2)^'Business case'!D$32,0) -> 156.06 | E86: =IF(E33="JA",Kengetallen!$B$62*(1+Kengetallen!$B$2)^'Business case'!E$32,0) -> 159.1812 | F86: =IF(F33="JA",Kengetallen!$B$62*(1+Kengetallen!$B$2)^'Business case'!F$32,0) -> 162.36482 | G86: =IF(G33="JA",Kengetallen!$B$62*(1+Kengetallen!$B$2)^'Business case'!G$32,0) -> 165.61212 | H86: =IF(H33="JA",Kengetallen!$B$62*(1+Kengetallen!$B$2)^'Business case'!H$32,0) -> 168.92436 | I86: =IF(I33="JA",Kengetallen!$B$62*(1+Kengetallen!$B$2)^'Business case'!I$32,0) -> 172.30285 | ... AB86: =IF(AB33="JA",Kengetallen!$B$62*(1+Kengetallen!$B$2)^'Business case'!AB$32,0) -> 0 | AD86: =SUM(B86:AB86) -> 2645.8928
A87: PV opbrengst kWh | B87: =IF(B33="JA",($D$19+$C$7)*(1+Kengetallen!$B$19)^B32,0) -> 0 | C87: =IF(C33="JA",($D$19+$C$7)*(1+Kengetallen!$B$19)^C32,0) -> 1441.9105 | D87: =IF(D33="JA",($D$19+$C$7)*(1+Kengetallen!$B$19)^D32,0) -> 1431.8171 | E87: =IF(E33="JA",($D$19+$C$7)*(1+Kengetallen!$B$19)^E32,0) -> 1421.7944 | F87: =IF(F33="JA",($D$19+$C$7)*(1+Kengetallen!$B$19)^F32,0) -> 1411.8418 | G87: =IF(G33="JA",($D$19+$C$7)*(1+Kengetallen!$B$19)^G32,0) -> 1401.9589 | H87: =IF(H33="JA",($D$19+$C$7)*(1+Kengetallen!$B$19)^H32,0) -> 1392.1452 | I87: =IF(I33="JA",($D$19+$C$7)*(1+Kengetallen!$B$19)^I32,0) -> 1382.4002 | ... AB87: =IF(AB33="JA",($D$19+$C$7)*(1+Kengetallen!$B$19)^AB32,0) -> 0 | AD87: =SUM(B87:AB87) -> 20600.336
A88: PV eigen verbruik | B88: =IF(B33="JA",B87*$D$16,0) -> 0 | C88: =IF(C33="JA",C87*$D$16,0) -> 576.76419 | D88: =IF(D33="JA",D87*$D$16,0) -> 572.72684 | E88: =IF(E33="JA",E87*$D$16,0) -> 568.71775 | F88: =IF(F33="JA",F87*$D$16,0) -> 564.73673 | G88: =IF(G33="JA",G87*$D$16,0) -> 560.78357 | H88: =IF(H33="JA",H87*$D$16,0) -> 556.85809 | I88: =IF(I33="JA",I87*$D$16,0) -> 552.96008 | ... AB88: =IF(AB33="JA",AB87*$D$16,0) -> 0 | AD88: =SUM(B88:AB88) -> 8240.1342
A89: PV salderen max | B89: =IF(B33="JA",($C$2+B75-B88)*Prijzen!D62,0) -> 0 | C89: =IF(C33="JA",($C$2+C75-C88)*Prijzen!E62,0) -> 2800.1989 | D89: =IF(D33="JA",($C$2+D75-D88)*Prijzen!F62,0) -> 2802.7828 | E89: =IF(E33="JA",($C$2+E75-E88)*Prijzen!G62,0) -> 2410.8465 | F89: =IF(F33="JA",($C$2+F75-F88)*Prijzen!H62,0) -> 2018.1756 | G89: =IF(G33="JA",($C$2+G75-G88)*Prijzen!I62,0) -> 1624.7778 | H89: =IF(H33="JA",($C$2+H75-H88)*Prijzen!J62,0) -> 1230.6607 | I89: =IF(I33="JA",($C$2+I75-I88)*Prijzen!K62,0) -> 0 | ... AB89: =IF(AB33="JA",($C$2+AB75-AB88)*Prijzen!AD62,0) -> 0 | AD89: =SUM(B89:AB89) -> 12887.442
A90: PV salderen | B90: =IF(B33="JA",MIN((B87-B88),B89),0) -> 0 | C90: =IF(C33="JA",MIN((C87-C88),C89),0) -> 865.14629 | D90: =IF(D33="JA",MIN((D87-D88),D89),0) -> 859.09026 | E90: =IF(E33="JA",MIN((E87-E88),E89),0) -> 853.07663 | F90: =IF(F33="JA",MIN((F87-F88),F89),0) -> 847.10509 | G90: =IF(G33="JA",MIN((G87-G88),G89),0) -> 841.17536 | H90: =IF(H33="JA",MIN((H87-H88),H89),0) -> 835.28713 | I90: =IF(I33="JA",MIN((I87-I88),I89),0) -> 0 | ... AB90: =IF(AB33="JA",MIN((AB87-AB88),AB89),0) -> 0 | AD90: =SUM(B90:AB90) -> 5100.8808
A91: PV terugleveren | B91: =IF(B33="JA",B87-B88-B90,0) -> 0 | C91: =IF(C33="JA",C87-C88-C90,0) -> 0 | D91: =IF(D33="JA",D87-D88-D90,0) -> 0 | E91: =IF(E33="JA",E87-E88-E90,0) -> 0 | F91: =IF(F33="JA",F87-F88-F90,0) -> 0 | G91: =IF(G33="JA",G87-G88-G90,0) -> 0 | H91: =IF(H33="JA",H87-H88-H90,0) -> 0 | I91: =IF(I33="JA",I87-I88-I90,0) -> 829.44012 | ... AB91: =IF(AB33="JA",AB87-AB88-AB90,0) -> 0 | AD91: =SUM(B91:AB91) -> 7259.3205
A92: PV opbrengst €/kWh | B92: =IF(B33="JA",B93/B87,0) -> 0 | C92: =IF(C33="JA",C93/C87,0) -> 0.27589018 | D92: =IF(D33="JA",D93/D87,0) -> 0.24897066 | E92: =IF(E33="JA",E93/E87,0) -> 0.23621624 | F92: =IF(F33="JA",F93/F87,0) -> 0.22470482 | G92: =IF(G33="JA",G93/G87,0) -> 0.22722462 | H92: =IF(H33="JA",H93/H87,0) -> 0.2341123 | I92: =IF(I33="JA",I93/I87,0) -> 0.15943754 | ... AB92: =IF(AB33="JA",AB93/AB87,0) -> 0 | AD92: =SUM(B92:AB92) -> 2.9124419
A93: PV opbrengst € | B93: =IF(B33="JA",B88*B78+B90*B78+B91*VLOOKUP($C$8,Prijzen!$B$65:$T$68,'Business case'!B31,FALSE),0) -> 0 | C93: =IF(C33="JA",C88*C78+C90*C78+C91*VLOOKUP($C$8,Prijzen!$B$65:$T$68,'Business case'!C31,FALSE),0) -> 397.80895 | D93: =IF(D33="JA",D88*D78+D90*D78+D91*VLOOKUP($C$8,Prijzen!$B$65:$T$68,'Business case'!D31,FALSE),0) -> 356.48045 | E93: =IF(E33="JA",E88*E78+E90*E78+E91*VLOOKUP($C$8,Prijzen!$B$65:$T$68,'Business case'!E31,FALSE),0) -> 335.85093 | F93: =IF(F33="JA",F88*F78+F90*F78+F91*VLOOKUP($C$8,Prijzen!$B$65:$T$68,'Business case'!F31,FALSE),0) -> 317.24766 | G93: =IF(G33="JA",G88*G78+G90*G78+G91*VLOOKUP($C$8,Prijzen!$B$65:$T$68,'Business case'!G31,FALSE),0) -> 318.55959 | H93: =IF(H33="JA",H88*H78+H90*H78+H91*VLOOKUP($C$8,Prijzen!$B$65:$T$68,'Business case'!H31,FALSE),0) -> 325.91832 | I93: =IF(I33="JA",I88*I78+I90*I78+I91*VLOOKUP($C$8,Prijzen!$B$65:$T$68,'Business case'!I31,FALSE),0) -> 220.40648 | ... AB93: =IF(AB33="JA",AB88*AB78+AB90*AB78+AB91*VLOOKUP($C$8,Prijzen!$B$65:$T$68,'Business case'!AB31,FALSE),0) -> 0 | AD93: =SUM(B93:AB93) -> 4021.2377
A94: PV afschrijving | B94: =IF(B33="JA",-PMT($D$17,Kengetallen!$B$16,Investering!$D$30,0,1),0) -> 0 | C94: =IF(C33="JA",-PMT($D$17,Kengetallen!$B$16,Investering!$D$30,0,1),0) -> 111.07322 | D94: =IF(D33="JA",-PMT($D$17,Kengetallen!$B$16,Investering!$D$30,0,1),0) -> 111.07322 | E94: =IF(E33="JA",-PMT($D$17,Kengetallen!$B$16,Investering!$D$30,0,1),0) -> 111.07322 | F94: =IF(F33="JA",-PMT($D$17,Kengetallen!$B$16,Investering!$D$30,0,1),0) -> 111.07322 | G94: =IF(G33="JA",-PMT($D$17,Kengetallen!$B$16,Investering!$D$30,0,1),0) -> 111.07322 | H94: =IF(H33="JA",-PMT($D$17,Kengetallen!$B$16,Investering!$D$30,0,1),0) -> 111.07322 | I94: =IF(I33="JA",-PMT($D$17,Kengetallen!$B$16,Investering!$D$30,0,1),0) -> 111.07322 | ... AB94: =IF(AB33="JA",-PMT($D$17,Kengetallen!$B$16,Investering!$D$30,0,1),0) -> 0 | AD94: =SUM(B94:AB94) -> 1666.0983
A95: PV onderhoud | B95: =IF(B33="JA",IF($D$19>0,Kengetallen!$B$20*(1+Kengetallen!$B$2)^'Business case'!B$32,0),0) -> 0 | C95: =IF(C33="JA",IF($D$19>0,Kengetallen!$B$20*(1+Kengetallen!$B$2)^'Business case'!C$32,0),0) -> 25.5 | D95: =IF(D33="JA",IF($D$19>0,Kengetallen!$B$20*(1+Kengetallen!$B$2)^'Business case'!D$32,0),0) -> 26.01 | E95: =IF(E33="JA",IF($D$19>0,Kengetallen!$B$20*(1+Kengetallen!$B$2)^'Business case'!E$32,0),0) -> 26.5302 | F95: =IF(F33="JA",IF($D$19>0,Kengetallen!$B$20*(1+Kengetallen!$B$2)^'Business case'!F$32,0),0) -> 27.060804 | G95: =IF(G33="JA",IF($D$19>0,Kengetallen!$B$20*(1+Kengetallen!$B$2)^'Business case'!G$32,0),0) -> 27.60202 | H95: =IF(H33="JA",IF($D$19>0,Kengetallen!$B$20*(1+Kengetallen!$B$2)^'Business case'!H$32,0),0) -> 28.15406 | I95: =IF(I33="JA",IF($D$19>0,Kengetallen!$B$20*(1+Kengetallen!$B$2)^'Business case'!I$32,0),0) -> 28.717142 | ... AB95: =IF(AB33="JA",IF($D$19>0,Kengetallen!$B$20*(1+Kengetallen!$B$2)^'Business case'!AB$32,0),0) -> 0 | AD95: =SUM(B95:AB95) -> 440.98213
A96: Totaal | B96: =SUM(B80:B86)-B93+B94+B95 -> 0 | C96: =SUM(C80:C86)-C93+C94+C95 -> 1763.8225 | D96: =SUM(D80:D86)-D93+D94+D95 -> 1769.6318 | E96: =SUM(E80:E86)-E93+E94+E95 -> 1775.3823 | F96: =SUM(F80:F86)-F93+F94+F95 -> 1780.9844 | G96: =SUM(G80:G86)-G93+G94+G95 -> 1787.1199 | H96: =SUM(H80:H86)-H93+H94+H95 -> 1793.6269 | I96: =SUM(I80:I86)-I93+I94+I95 -> 1905.9464 | ... AB96: =SUM(AB80:AB86)-AB93+AB94+AB95 -> 0 | AD96: =SUM(B96:AB96) -> 28100.371
A97: jaarlijkse lasten | B97: =B81+B86-B93+B95 -> 0 | C97: =C81+C86-C93+C95 -> 181.30429 | D97: =D81+D86-D93+D95 -> 187.11362 | E97: =E81+E86-E93+E95 -> 192.86417 | F97: =F81+F86-F93+F95 -> 198.46622 | G97: =G81+G86-G93+G95 -> 204.60175 | H97: =H81+H86-H93+H95 -> 211.10872 | I97: =I81+I86-I93+I95 -> 323.42821 | ... AB97: =AB81+AB86-AB93+AB95 -> 0
A98: Besparing | B98: =IFERROR(B42-B96,"") -> 0 | C98: =IFERROR(C42-C96,"") -> -126.47189 | D98: =IFERROR(D42-D96,"") -> -151.31941 | E98: =IFERROR(E42-E96,"") -> -165.09046 | F98: =IFERROR(F42-F96,"") -> -159.0136 | G98: =IFERROR(G42-G96,"") -> -121.21864 | H98: =IFERROR(H42-H96,"") -> -91.435034 | I98: =IFERROR(I42-I96,"") -> -180.4132 | ... AB98: =IFERROR(AB42-AB96,"") -> 0 | AD98: =SUM(B98:AB98) -> -1816.2388
A100: Warmtepomp bodem individueel
A101: G m3 na | B101: =IF(B$33="JA",$C$1*(1-$C$4)*(1-$C$3),0) -> 0 | C101: =IF(C$33="JA",$C$1*(1-$C$4)*(1-$C$3),0) -> 0 | D101: =IF(D$33="JA",$C$1*(1-$C$4)*(1-$C$3),0) -> 0 | E101: =IF(E$33="JA",$C$1*(1-$C$4)*(1-$C$3),0) -> 0 | F101: =IF(F$33="JA",$C$1*(1-$C$4)*(1-$C$3),0) -> 0 | G101: =IF(G$33="JA",$C$1*(1-$C$4)*(1-$C$3),0) -> 0 | H101: =IF(H$33="JA",$C$1*(1-$C$4)*(1-$C$3),0) -> 0 | I101: =IF(I$33="JA",$C$1*(1-$C$4)*(1-$C$3),0) -> 0 | ... AB101: =IF(AB$33="JA",$C$1*(1-$C$4)*(1-$C$3),0) -> 0 | AD101: =SUM(B101:AB101) -> 0
A102: * <plafond | B102: =MIN(B101,Prijzen!C108) -> 0 | C102: =MIN(C101,Prijzen!D108) -> 0 | D102: =MIN(D101,Prijzen!E108) -> 0 | E102: =MIN(E101,Prijzen!F108) -> 0 | F102: =MIN(F101,Prijzen!G108) -> 0 | G102: =MIN(G101,Prijzen!H108) -> 0 | H102: =MIN(H101,Prijzen!I108) -> 0 | I102: =MIN(I101,Prijzen!J108) -> 0 | ... AB102: =MIN(AB101,Prijzen!AC108) -> 0 | AD102: =SUM(B102:AB102) -> 0
A103: E kWh na | B103: =IF(B$33="JA",$C$1*(1-$C$3)*$C$4*9.5/$E$14,0) -> 0 | C103: =IF(C$33="JA",$C$1*(1-$C$3)*$C$4*9.5/$E$14,0) -> 1452.075 | D103: =IF(D$33="JA",$C$1*(1-$C$3)*$C$4*9.5/$E$14,0) -> 1452.075 | E103: =IF(E$33="JA",$C$1*(1-$C$3)*$C$4*9.5/$E$14,0) -> 1452.075 | F103: =IF(F$33="JA",$C$1*(1-$C$3)*$C$4*9.5/$E$14,0) -> 1452.075 | G103: =IF(G$33="JA",$C$1*(1-$C$3)*$C$4*9.5/$E$14,0) -> 1452.075 | H103: =IF(H$33="JA",$C$1*(1-$C$3)*$C$4*9.5/$E$14,0) -> 1452.075 | I103: =IF(I$33="JA",$C$1*(1-$C$3)*$C$4*9.5/$E$14,0) -> 1452.075 | ... AB103: =IF(AB$33="JA",$C$1*(1-$C$3)*$C$4*9.5/$E$14,0) -> 0 | AD103: =SUM(B103:AB103) -> 21781.125
A104: * <plafond | AD104: =SUM(B104:AB104) -> 0
...

Sheet Investering
A1: Type woning | B1: Jaren '90, tussenwoning
A2: Verbruik | B2: Gemiddeld | I2: Inflatiecorrectie startjaar vs. 2023 prijzen | M2: 1
A3: Scenario | B3: All Electric
A4: Maatregel | B4: Investering | C4: Subsidie | D4: Netto investering | E4: Besparing | F4: Afschrijving | G4: Netto investering 15jr | I4: Netto totaal incl inflatie | J4: Netto 15 jaar incl inflatie
A5: Spouw | G5: =IF(F5="",0,D5*(15/$F5)) -> 0 | I5: =D5*$M$2 -> 0 | J5: =G5*$M$2 -> 0
A6: Vloer | G6: =IF(F6="",0,D6*(15/$F6)) -> 0 | I6: =D6*$M$2 -> 0 | J6: =G6*$M$2 -> 0 | L6: Tip: Op de tab "Isolatie+" vind je voorbeeld kengetallen van isolatie maatregelen voor een jaren '90 woning. Je kan deze kopieren en plakken naar de cellen hiernaast
A7: Dak | G7: =IF(F7="",0,D7*(15/$F7)) -> 0 | I7: =D7*$M$2 -> 0 | J7: =G7*$M$2 -> 0
A8: Glas HR++ | B8: 2450 | C8: 770 | D8: 1680 | E8: 0.084 | F8: 20 | G8: =IF(F8="",0,D8*(15/$F8)) -> 1260 | I8: =D8*$M$2 -> 1680 | J8: =G8*$M$2 -> 1260
A9: Schuifpui | G9: =IF(F9="",0,D9*(15/$F9)) -> 0 | I9: =D9*$M$2 -> 0 | J9: =G9*$M$2 -> 0
A10: Kieren&koudebruggen | G10: =IF(F10="",0,D10*(15/$F10)) -> 0 | I10: =D10*$M$2 -> 0 | J10: =G10*$M$2 -> 0
A11: Ventilatie | B11: 2250 | D11: 2250 | E11: 0.0672 | F11: 20 | G11: =IF(F11="",0,D11*(15/$F11)) -> 1687.5 | I11: =D11*$M$2 -> 2250 | J11: =G11*$M$2 -> 1687.5
A12: Ramen nok+dakkapel | G12: =IF(F12="",0,D12*(15/$F12)) -> 0 | I12: =D12*$M$2 -> 0 | J12: =G12*$M$2 -> 0
A13: LT radiatoren | B13: 3500 | D13: 3500 | E13: 0.0336 | F13: 20 | G13: =IF(F13="",0,D13*(15/$F13)) -> 2625 | I13: =D13*$M$2 -> 3500 | J13: =G13*$M$2 -> 2625
A14: Inductie koken | G14: =IF(F14="",0,D14*(15/$F14)) -> 0 | I14: =D14*$M$2 -> 0 | J14: =G14*$M$2 -> 0
A15: Aansluiting | B15: 389 | D15: 389 | F15: 20 | G15: =IF(F15="",0,D15*(15/$F15)) -> 291.75 | I15: =D15*$M$2 -> 389 | J15: =G15*$M$2 -> 291.75
A16: Totaal | B16: =SUM(B5:B15) -> 8589 | C16: =SUM(C5:C15) -> 770 | D16: =SUM(D5:D15) -> 7819 | E16: =SUM(E5:E15) -> 0.1848 | G16: =SUM(G5:G15) -> 5864.25 | I16: =SUM(I5:I15) -> 7819 | J16: =SUM(J5:J15) -> 5864.25
A18: Bodem WP mini-warmtenet collectief
A19: Vermogen WP | B19: kWth | C19: =(('Business case'!C1-200)*(1-E16)/2800*33/18*9)*'Business case'!C22 -> 26.421214 | E19: = +/- kWe | F19: =C19/'Business case'!C14 -> 6.6053036
A20: Luslengte totaal | C20: =Investering!C19*1000/Kengetallen!$B$24 -> 587.1381 | D20: m
A21: Maatregel | B21: Investering | C21: Subsidie | D21: Netto investering | E21: Besparing | F21: Afschrijving | G21: Netto investering 15jr | I21: Netto totaal incl inflatie | J21: Netto 15 jaar incl inflatie
A22: Bodemlus (VBWW) | B22: =C20*Kengetallen!B37*(1-(VLOOKUP(ROUND('Business case'!C24,0),Kengetallen!$B$26:$C$28,2,TRUE)+VLOOKUP('Business case'!C22,Kengetallen!$B$32:$D$36,3,TRUE)))/'Business case'!C22 -> 1717.3789 | D22: =B22-C22 -> 1717.3789 | F22: 30 | G22: =D22/F22*15 -> 858.68946 | I22: =D22*$M$2 -> 1717.3789 | J22: =G22*$M$2 -> 858.68946
A23: Leidingwerk | B23: ='Business case'!C25*Kengetallen!B47 -> 1415.7 | D23: =B23-C23 -> 1415.7 | F23: 30 | G23: =D23/F23*15 -> 707.85 | I23: =D23*$M$2 -> 1415.7 | J23: =G23*$M$2 -> 707.85
A24: Warmtepomp incl installatie | B24: =VLOOKUP(C19,Kengetallen!$B$50:$E$54,4,TRUE)*(1)/'Business case'!C22 -> 5759.6 | C24: =Kengetallen!B59/'Business case'!C22 -> 640 | D24: =B24-C24 -> 5119.6 | F24: 15 | G24: =D24/F24*15 -> 5119.6 | I24: =D24*$M$2 -> 5119.6 | J24: =G24*$M$2 -> 5119.6
A25: Projectkosten / onvoorzien | B25: {=SUM(B22:B24*'Business case'!$C$21)} -> 889.26789 | D25: =B25-C25 -> 889.26789 | F25: 15 | G25: =D25/F25*15 -> 889.26789 | I25: =D25*$M$2 -> 889.26789 | J25: =G25*$M$2 -> 889.26789
A26: Totaal warmtepomp | B26: =SUM(B22:B25) -> 9781.9468 | C26: =SUM(C22:C25) -> 640 | D26: =SUM(D22:D25) -> 9141.9468 | E26: 1 | F26: =SUMPRODUCT(F22:F25,G22:G25)/G26 -> 18.101892 | G26: =SUM(G22:G25) -> 7575.4074 | I26: =SUM(I22:I25) -> 9141.9468 | J26: =SUM(J22:J25) -> 7575.4074
A28: Totaal isolatie + WP | B28: =B16+B26 -> 18370.947 | C28: =C16+C26 -> 1410 | D28: =D16+D26 -> 16960.947 | E28: =1-(1-E16)*(1-E26) -> 1 | F28: =(F16*G16+F26*G26)/G28 -> 10.203326 | G28: =G16+G26 -> 13439.657 | I28: =I16+I26 -> 16960.947 | J28: =J16+J26 -> 13439.657
A30: PV | B30: ='Business case'!C19*'Business case'!C20 -> 1379.4713 | D30: =B30 -> 1379.4713 | F30: 15 | G30: =D30/F30*15 -> 1379.4713 | I30: =D30*$M$2 -> 1379.4713 | J30: =G30*$M$2 -> 1379.4713
A32: Totaal isolatie + WP + PV | B32: =B28+B30 -> 19750.418 | C32: =C28+C30 -> 1410 | D32: =D28+D30 -> 18340.418 | E32: =E28+E30 -> 1 | F32: =(F28*G28+F30*G30)/G32 -> 10.649835 | G32: =G28+G30 -> 14819.129 | I32: =I28+I30 -> 18340.418 | J32: =J28+J30 -> 14819.129
A33: Totaal 15 jaar | B33: =SUMIF($F$5:$F$15,15,B5:B15)+SUMIF($F$22:$F$25,15,B22:B25)+SUMIF($F$30,15,B30) -> 8028.3391 | C33: =SUMIF($F$5:$F$15,15,C5:C15)+SUMIF($F$22:$F$25,15,C22:C25)+SUMIF($F$30,15,C30) -> 640 | D33: =SUMIF($F$5:$F$15,15,D5:D15)+SUMIF($F$22:$F$25,15,D22:D25)+SUMIF($F$30,15,D30) -> 7388.3391 | G33: =SUMIF($F$5:$F$15,15,G5:G15)+SUMIF($F$22:$F$25,15,G22:G25)+SUMIF($F$30,15,G30) -> 7388.3391 | I33: =SUMIF($F$5:$F$15,15,I5:I15)+SUMIF($F$22:$F$25,15,I22:I25)+SUMIF($F$30,15,I30) -> 7388.3391 | J33: =SUMIF($F$5:$F$15,15,J5:J15)+SUMIF($F$22:$F$25,15,J22:J25)+SUMIF($F$30,15,J30) -> 7388.3391
A34: Totaal >15 jaar | B34: =SUMIF($F$5:$F$15,">20",B5:B15)+SUMIF($F$22:$F$25,">15",B22:B25)+SUMIF($F$30,">15",B30) -> 3133.0789 | C34: =SUMIF($F$5:$F$15,">20",C5:C15)+SUMIF($F$22:$F$25,">15",C22:C25)+SUMIF($F$30,">15",C30) -> 0 | D34: =SUMIF($F$5:$F$15,">20",D5:D15)+SUMIF($F$22:$F$25,">15",D22:D25)+SUMIF($F$30,">15",D30) -> 3133.0789 | G34: =SUMIF($F$5:$F$15,">20",G5:G15)+SUMIF($F$22:$F$25,">15",G22:G25)+SUMIF($F$30,">15",G30) -> 1566.5395 | I34: =SUMIF($F$5:$F$15,">20",I5:I15)+SUMIF($F$22:$F$25,">15",I22:I25)+SUMIF($F$30,">15",I30) -> 3133.0789 | J34: =SUMIF($F$5:$F$15,">20",J5:J15)+SUMIF($F$22:$F$25,">15",J22:J25)+SUMIF($F$30,">15",J30) -> 1566.5395
A36: Bodem WP mini-warmtenet individueel
A37: Vermogen WP | B37: kWth | C37: =('Business case'!$C$1-200)*(1-$E$16)/2800*33/18*9 -> 2.6421214 | E37: = +/- kWe | F37: =C37/'Business case'!D14 -> 0.66053036
A38: Luslengte per woning | C38: =Investering!C37*1000/Kengetallen!$B$24 -> 58.71381 | D38: m
A39: Maatregel | B39: Investering | C39: Subsidie | D39: Netto investering | E39: Besparing | F39: Afschrijving | G39: Netto investering 15jr | I39: Netto totaal incl inflatie | J39: Netto 15 jaar incl inflatie
A40: Bodemlus (VBWW) | B40: =C38*Kengetallen!B37*(1-(VLOOKUP(ROUND('Business case'!D24,0),Kengetallen!$B$26:$C$28,2,TRUE)+VLOOKUP('Business case'!D22,Kengetallen!$B$32:$D$36,3,TRUE))) -> 1717.3789 | D40: =B40-C40 -> 1717.3789 | F40: 30 | G40: =D40/F40*15 -> 858.68946 | I40: =D40*$M$2 -> 1717.3789 | J40: =G40*$M$2 -> 858.68946
A41: Leidingwerk | B41: ='Business case'!D25*Kengetallen!B47 -> 1415.7 | D41: =B41-C41 -> 1415.7 | F41: 30 | G41: =D41/F41*15 -> 707.85 | I41: =D41*$M$2 -> 1415.7 | J41: =G41*$M$2 -> 707.85
A42: Warmtepomp incl installatie | B42: =VLOOKUP(C37,Kengetallen!$B$50:$E$53,4,TRUE)*(1-Kengetallen!B48) -> 10190.172 | C42: =Kengetallen!B58 -> 4200 | D42: =B42-C42 -> 5990.1723 | F42: 15 | G42: =D42/F42*15 -> 5990.1723 | I42: =D42*$M$2 -> 5990.1723 | J42: =G42*$M$2 -> 5990.1723
A43: Projectkosten / onvoorzien | B43: {=SUM(B40:B42*'Business case'!$D$21)} -> 1332.3251 | D43: =B43-C43 -> 1332.3251 | F43: 15 | G43: =D43/F43*15 -> 1332.3251 | I43: =D43*$M$2 -> 1332.3251 | J43: =G43*$M$2 -> 1332.3251
A44: Totaal warmtepomp | B44: =SUM(B40:B43) -> 14655.576 | C44: =SUM(C40:C43) -> 4200 | D44: =SUM(D40:D43) -> 10455.576 | E44: 1 | F44: =SUMPRODUCT(F40:F43,G40:G43)/G44 -> 17.643491 | G44: =SUM(G40:G43) -> 8889.0369 | I44: =SUM(I40:I43) -> 10455.576 | J44: =SUM(J40:J43) -> 8889.0369
A46: Totaal isolatie + WP | B46: =B16+B44 -> 23244.576 | C46: =C16+C44 -> 4970 | D46: =D16+D44 -> 18274.576 | E46: =1-(1-E34)*(1-E44) -> 1 | F46: =(F34*G34+F44*G44)/G46 -> 10.630421 | G46: =G16+G44 -> 14753.287 | I46: =I16+I44 -> 18274.576 | J46: =J16+J44 -> 14753.287
A48: PV | B48: ='Business case'!D19*'Business case'!D20 -> 1379.4713 | D48: =B48 -> 1379.4713 | F48: 15 | G48: =D48/F48*15 -> 1379.4713 | I48: =D48*$M$2 -> 1379.4713 | J48: =G48*$M$2 -> 1379.4713
A50: Totaal isolatie + WP + PV | B50: =B46+B48 -> 24624.048 | C50: =C46+C48 -> 4970 | D50: =D46+D48 -> 19654.048 | E50: =E46+E48 -> 1 | F50: =(F46*G46+F48*G48)/G50 -> 11.004052 | G50: =G46+G48 -> 16132.758 | I50: =I46+I48 -> 19654.048 | J50: =J46+J48 -> 16132.758
A51: Totaal 15 jaar | B51: =SUMIF($F$5:$F$15,15,B5:B15)+SUMIF($F$40:$F$43,15,B40:B43)+SUMIF($F$48,15,B48) -> 12901.969 | C51: =SUMIF($F$5:$F$15,15,C5:C15)+SUMIF($F$40:$F$43,15,C40:C43)+SUMIF($F$48,15,C48) -> 4200 | D51: =SUMIF($F$5:$F$15,15,D5:D15)+SUMIF($F$40:$F$43,15,D40:D43)+SUMIF($F$48,15,D48) -> 8701.9687 | G51: =SUMIF($F$5:$F$15,15,G5:G15)+SUMIF($F$40:$F$43,15,G40:G43)+SUMIF($F$48,15,G48) -> 8701.9687 | I51: =SUMIF($F$5:$F$15,15,I5:I15)+SUMIF($F$40:$F$43,15,I40:I43)+SUMIF($F$48,15,I48) -> 8701.9687 | J51: =SUMIF($F$5:$F$15,15,J5:J15)+SUMIF($F$40:$F$43,15,J40:J43)+SUMIF($F$48,15,J48) -> 8701.9687
A52: Totaal >15 jaar | B52: =SUMIF($F$5:$F$15,">20",B5:B15)+SUMIF($F$40:$F$43,">15",B40:B43)+SUMIF($F$48,">15",B48) -> 3133.0789 | C52: =SUMIF($F$5:$F$15,">20",C5:C15)+SUMIF($F$40:$F$43,">15",C40:C43)+SUMIF($F$48,">15",C48) -> 0 | D52: =SUMIF($F$5:$F$15,">20",D23:D33)+SUMIF($F$22:$F$25,">15",D40:D43)+SUMIF($F$30,">15",D48) -> 3133.0789 | G52: =SUMIF($F$5:$F$15,">20",G5:G15)+SUMIF($F$40:$F$43,">15",G40:G43)+SUMIF($F$48,">15",G48) -> 1566.5395 | I52: =SUMIF($F$5:$F$15,">20",I5:I15)+SUMIF($F$40:$F$43,">15",I40:I43)+SUMIF($F$48,">15",I48) -> 3133.0789 | J52: =SUMIF($F$5:$F$15,">20",J5:J15)+SUMIF($F$40:$F$43,">15",J40:J43)+SUMIF($F$48,">15",J48) -> 1566.5395
A54: Bodem WP-individueel
A55: Vermogen WP | B55: kWth | C55: =('Business case'!$C$1-200)*(1-$E$16)/2800*33/18*9 -> 2.6421214 | D55: = +/- kWe | E55: =C55/'Business case'!E14 -> 0.66053036
A56: Luslengte per woning | C56: =Investering!C55*1000/Kengetallen!B23*(IF('Business case'!E26="J",1+VLOOKUP('Business case'!C22,Kengetallen!$B$41:$D$44,3,TRUE),1)) -> 83.038102 | D56: m
A57: Maatregel | B57: Investering | C57: Subsidie | D57: Netto investering | E57: Besparing | F57: Afschrijving | G57: Netto investering 15jr | I57: Netto totaal incl inflatie | J57: Netto 15 jaar incl inflatie
A58: Bodemlus (VBWW) | B58: =C56*Kengetallen!B37 -> 3736.7146 | D58: =B58-C58 -> 3736.7146 | F58: 30 | G58: =D58/F58*15 -> 1868.3573 | I58: =D58*$M$2 -> 3736.7146 | J58: =G58*$M$2 -> 1868.3573
A59: Leidingwerk | B59: 0 | D59: =B59-C59 -> 0 | F59: 30 | G59: =D59/F59*15 -> 0 | I59: =D59*$M$2 -> 0 | J59: =G59*$M$2 -> 0
A60: Warmtepomp incl installatie | B60: =VLOOKUP(C55,Kengetallen!$B$50:$E$53,4,TRUE) -> 11988.438 | C60: =Kengetallen!B58 -> 4200 | D60: =B60-C60 -> 7788.438 | F60: 15 | G60: =D60/F60*15 -> 7788.438 | I60: =D60*$M$2 -> 7788.438 | J60: =G60*$M$2 -> 7788.438
A61: Projectkosten / onvoorzien | B61: {=SUM(B58:B60*'Business case'!$E$21)} -> 1572.5153 | D61: =B61-C61 -> 1572.5153 | F61: 15 | G61: =D61/F61*15 -> 1572.5153 | I61: =D61*$M$2 -> 1572.5153 | J61: =G61*$M$2 -> 1572.5153
A62: Totaal warmtepomp | B62: =SUM(B58:B61) -> 17297.668 | C62: =SUM(C58:C61) -> 4200 | D62: =SUM(D58:D61) -> 13097.668 | E62: 1 | F62: =SUMPRODUCT(F58:F61,G58:G61)/G62 -> 17.495733 | G62: =SUM(G58:G61) -> 11229.311 | I62: =SUM(I58:I61) -> 13097.668 | J62: =SUM(J58:J61) -> 11229.311
A64: Totaal isolatie + WP | B64: =B16+B62 -> 25886.668 | C64: =C16+C62 -> 4970 | D64: =D16+D62 -> 20916.668 | E64: =1-(1-E16)*(1-E62) -> 1 | F64: =(F16*G16+F62*G62)/G64 -> 11.493511 | G64: =G16+G62 -> 17093.561 | I64: =I16+I62 -> 20916.668 | J64: =J16+J62 -> 17093.561
A66: PV | B66: ='Business case'!E19*'Business case'!E20 -> 1379.4713 | D66: =B66 -> 1379.4713 | F66: 15 | G66: =D66/F66*15 -> 1379.4713 | I66: =D66*$M$2 -> 1379.4713 | J66: =G66*$M$2 -> 1379.4713
A68: Totaal isolatie + WP + PV | B68: =B64+B66 -> 27266.139 | C68: =C64+C66 -> 4970 | D68: =D64+D66 -> 22296.139 | E68: =E64+E66 -> 1 | F68: =(F64*G64+F66*G66)/G68 -> 11.755357 | G68: =G64+G66 -> 18473.032 | I68: =I64+I66 -> 22296.139 | J68: =J64+J66 -> 18473.032
A69: Totaal 15 jaar | B69: =SUMIF($F$5:$F$15,15,B5:B15)+SUMIF($F$58:$F$61,15,B58:B61)+SUMIF($F$66,15,B66) -> 14940.425 | C69: =SUMIF($F$5:$F$15,15,C5:C15)+SUMIF($F$58:$F$61,15,C58:C61)+SUMIF($F$66,15,C66) -> 4200 | D69: =SUMIF($F$5:$F$15,15,D5:D15)+SUMIF($F$58:$F$61,15,D58:D61)+SUMIF($F$66,15,D66) -> 10740.425 | G69: =SUMIF($F$5:$F$15,15,G5:G15)+SUMIF($F$58:$F$61,15,G58:G61)+SUMIF($F$66,15,G66) -> 10740.425 | I69: =SUMIF($F$5:$F$15,15,I5:I15)+SUMIF($F$58:$F$61,15,I58:I61)+SUMIF($F$66,15,I66) -> 10740.425 | J69: =SUMIF($F$5:$F$15,15,J5:J15)+SUMIF($F$58:$F$61,15,J58:J61)+SUMIF($F$66,15,J66) -> 10740.425
A70: Totaal 20 jaar | B70: =SUMIF($F$5:$F$15,">15",B5:B15)+SUMIF($F$58:$F$60,">15",B58:B60)+SUMIF($F$66,">15",B66) -> 12325.715 | C70: =SUMIF($F$5:$F$15,">15",C5:C15)+SUMIF($F$58:$F$60,">15",C58:C60)+SUMIF($F$66,">15",C66) -> 770 | D70: =SUMIF($F$5:$F$15,">15",D5:D15)+SUMIF($F$58:$F$60,">15",D58:D60)+SUMIF($F$66,">15",D66) -> 11555.715 | G70: =SUMIF($F$5:$F$15,">15",G5:G15)+SUMIF($F$58:$F$60,">15",G58:G60)+SUMIF($F$66,">15",G66) -> 7732.6073 | I70: =SUMIF($F$5:$F$15,">15",I5:I15)+SUMIF($F$58:$F$60,">15",I58:I60)+SUMIF($F$66,">15",I66) -> 11555.715 | J70: =SUMIF($F$5:$F$15,">15",J5:J15)+SUMIF($F$58:$F$60,">15",J58:J60)+SUMIF($F$66,">15",J66) -> 7732.6073
A72: Lucht WP-individueel
A73: Vermogen WP | B73: kWth | C73: =('Business case'!$C$1-200)*(1-$E$16)/2800*33/18*9 -> 2.6421214 | D73: = +/- kWe | E73: =C73/'Business case'!F14 -> 0.75489184
A75: Maatregel | B75: Investering | C75: Subsidie | D75: Netto investering | E75: Besparing | F75: Afschrijving | G75: Netto investering 15jr | I75: Netto totaal incl inflatie | J75: Netto 15 jaar incl inflatie
A76: Warmtepomp incl installatie | B76: =VLOOKUP(C73,Kengetallen!$B$69:$E$72,4,TRUE) -> 9261 | C76: =Kengetallen!B74 -> 2850 | D76: =B76-C76 -> 6411 | F76: 15 | G76: =D76/F76*15 -> 6411 | I76: =D76*$M$2 -> 6411 | J76: =G76*$M$2 -> 6411
A77: Geluidskast | B77: =IF('Business case'!F27="J",Kengetallen!B80,0) -> 2580 | C77: 0 | D77: =B77-C77 -> 2580 | F77: 30 | G77: =D77/F77*15 -> 1290 | I77: =D77*$M$2 -> 2580 | J77: =G77*$M$2 -> 1290
A78: Projectkosten / onvoorzien | B78: =SUM(B76:B77)*'Business case'!$F$21 -> 1184.1 | D78: =B78 -> 1184.1 | F78: 15 | G78: =D78 -> 1184.1 | I78: =D78*$M$2 -> 1184.1 | J78: =G78*$M$2 -> 1184.1
A79: Totaal warmtepomp | B79: =SUM(B76:B78) -> 13025.1 | C79: =SUM(C76:C78) -> 2850 | D79: =SUM(D76:D78) -> 10175.1 | E79: 1 | F79: =SUMPRODUCT(F76:F78,G76:G78)/G79 -> 17.177803 | G79: =SUM(G76:G78) -> 8885.1 | I79: =SUM(I76:I78) -> 10175.1 | J79: =SUM(J76:J78) -> 8885.1
A81: Totaal isolatie + WP | B81: =B16+B79 -> 21614.1 | C81: =C16+C79 -> 3620 | D81: =D16+D79 -> 17994.1 | E81: =1-(1-E16)*(1-E79) -> 1 | F81: =(F16*G16+F79*G79)/G81 -> 10.348015 | G81: =G16+G79 -> 14749.35 | I81: =I16+I79 -> 17994.1 | J81: =J16+J79 -> 14749.35
A83: PV | B83: ='Business case'!F19*'Business case'!F20 -> 1576.5386 | D83: =B83 -> 1576.5386 | F83: 15 | G83: =D83/F83*15 -> 1576.5386 | I83: =D83*$M$2 -> 1576.5386 | J83: =G83*$M$2 -> 1576.5386
A85: Totaal isolatie + WP + PV | B85: =B81+B83 -> 23190.639 | C85: =C81+C83 -> 3620 | D85: =D81+D83 -> 19570.639 | E85: =E81+E83 -> 1 | F85: =(F81*G81+F83*G83)/G85 -> 10.797243 | G85: =G81+G83 -> 16325.889 | I85: =I81+I83 -> 19570.639 | J85: =J81+J83 -> 16325.889
A86: Totaal 15 jaar | B86: =SUMIF($F$5:$F$15,15,B5:B15)+SUMIF($F$76:$F$78,15,B76:B78)+SUMIF($F$83,15,B83) -> 12021.639 | C86: =SUMIF($F$5:$F$15,15,C5:C15)+SUMIF($F$76:$F$78,15,C76:C78)+SUMIF($F$83,15,C83) -> 2850 | D86: =SUMIF($F$5:$F$15,15,D5:D15)+SUMIF($F$76:$F$78,15,D76:D78)+SUMIF($F$83,15,D83) -> 9171.6386 | G86: =SUMIF($F$5:$F$15,15,G5:G15)+SUMIF($F$76:$F$78,15,G76:G78)+SUMIF($F$83,15,G83) -> 9171.6386 | I86: =SUMIF($F$5:$F$15,15,I5:I15)+SUMIF($F$76:$F$78,15,I76:I78)+SUMIF($F$83,15,I83) -> 9171.6386 | J86: =SUMIF($F$5:$F$15,15,J5:J15)+SUMIF($F$76:$F$78,15,J76:J78)+SUMIF($F$83,15,J83) -> 9171.6386
A87: Totaal 20 jaar | B87: =SUMIF($F$5:$F$15,">15",B5:B15)+SUMIF($F$76:$F$78,">15",B76:B78)+SUMIF($F$83,">15",B83) -> 11169 | C87: =SUMIF($F$5:$F$15,">15",C5:C15)+SUMIF($F$76:$F$78,">15",C76:C78)+SUMIF($F$83,">15",C83) -> 770 | D87: =SUMIF($F$5:$F$15,">15",D5:D15)+SUMIF($F$76:$F$78,">15",D76:D78)+SUMIF($F$83,">15",D83) -> 10399 | G87: =SUMIF($F$5:$F$15,">15",G5:G15)+SUMIF($F$76:$F$78,">15",G76:G78)+SUMIF($F$83,">15",G83) -> 7154.25 | I87: =SUMIF($F$5:$F$15,">15",I5:I15)+SUMIF($F$76:$F$78,">15",I76:I78)+SUMIF($F$83,">15",I83) -> 10399 | J87: =SUMIF($F$5:$F$15,">15",J5:J15)+SUMIF($F$76:$F$78,">15",J76:J78)+SUMIF($F$83,">15",J83) -> 7154.25
A89: PVT WP-individueel
A90: Vermogen WP | B90: kWth | C90: =('Business case'!$C$1-200)*(1-$E$16)/2800*33/18*9 -> 2.6421214 | D90: = +/- kWe | E90: =C90/'Business case'!G14 -> 0.5871381
A92: Maatregel | B92: Investering | C92: Subsidie | D92: Netto investering | E92: Besparing | F92: Afschrijving | G92: Netto investering 15jr | I92: Netto totaal incl inflatie | J92: Netto 15 jaar incl inflatie
A93: Warmtepomp incl installatie | B93: =VLOOKUP(C90,Kengetallen!$B$50:$E$53,4,TRUE) -> 11988.438 | C93: =Kengetallen!B58 -> 4200 | D93: =B93-C93 -> 7788.438 | F93: 15 | G93: =D93/F93*15 -> 7788.438 | I93: =D93*$M$2 -> 7788.438 | J93: =G93*$M$2 -> 7788.438
A94: PT Panelen | B94: =C90*2*750*1.21 -> 4795.4504 | D94: =B94-C94 -> 4795.4504 | F94: 20 | G94: =D94/F94*15 -> 3596.5878 | I94: =D94*$M$2 -> 4795.4504 | J94: =G94*$M$2 -> 3596.5878
A95: Projectkosten / onvoorzien | B95: {=SUM(B93:B94*'Business case'!$E$21)} -> 1678.3888 | D95: =B95-C95 -> 1678.3888 | F95: 15 | G95: =D95/F95*15 -> 1678.3888 | I95: =D95*$M$2 -> 1678.3888 | J95: =G95*$M$2 -> 1678.3888
A96: Totaal warmtepomp | B96: =SUM(B93:B95) -> 18462.277 | C96: =SUM(C93:C95) -> 4200 | D96: =SUM(D93:D95) -> 14262.277 | E96: 1 | F96: =SUMPRODUCT(F93:F95,G93:G95)/G96 -> 16.376588 | G96: =SUM(G93:G95) -> 13063.415 | I96: =SUM(I93:I95) -> 14262.277 | J96: =SUM(J93:J95) -> 13063.415
A98: Totaal isolatie + WP | B98: =B16+B96 -> 27051.277 | C98: =C16+C96 -> 4970 | D98: =D16+D96 -> 22081.277 | E98: =1-(1-E6)*(1-E96) -> 1 | F98: =(F16*G16+F96*G96)/G98 -> 11.302723 | G98: =G16+G96 -> 18927.665 | I98: =I16+I96 -> 22081.277 | J98: =J16+J96 -> 18927.665
A100: PV | B100: ='Business case'!G19*'Business case'!G20 -> 1226.1967 | D100: =B100 -> 1226.1967 | F100: 15 | G100: =D100/F100*15 -> 1226.1967 | I100: =D100*$M$2 -> 1226.1967 | J100: =G100*$M$2 -> 1226.1967
A102: Totaal isolatie + WP + PV | B102: =B98+B100 -> 28277.474 | C102: =C98+C100 -> 4970 | D102: =D98+D100 -> 23307.474 | E102: =E98+E100 -> 1 | F102: =(F98*G98+F100*G100)/G102 -> 11.527672 | G102: =G98+G100 -> 20153.861 | I102: =I98+I100 -> 23307.474 | J102: =J98+J100 -> 20153.861
A103: Totaal 15 jaar | B103: =SUMIF($F$5:$F$15,15,B5:B15)+SUMIF($F$93:$F$95,15,B93:B95)+SUMIF($F$100,15,B100) -> 14893.024 | C103: =SUMIF($F$5:$F$15,15,C5:C15)+SUMIF($F$93:$F$95,15,C93:C95)+SUMIF($F$100,15,C100) -> 4200 | D103: =SUMIF($F$5:$F$15,15,D5:D15)+SUMIF($F$93:$F$95,15,D93:D95)+SUMIF($F$100,15,D100) -> 10693.024 | G103: =SUMIF($F$5:$F$15,15,G5:G15)+SUMIF($F$93:$F$95,15,G93:G95)+SUMIF($F$100,15,G100) -> 10693.024 | I103: =SUMIF($F$5:$F$15,15,I5:I15)+SUMIF($F$93:$F$95,15,I93:I95)+SUMIF($F$100,15,I100) -> 10693.024 | J103: =SUMIF($F$5:$F$15,15,J5:J15)+SUMIF($F$93:$F$95,15,J93:J95)+SUMIF($F$100,15,J100) -> 10693.024
A104: Totaal 20 jaar | B104: =SUMIF($F$5:$F$15,">15",B5:B15)+SUMIF($F$93:$F$95,">15",B93:B95)+SUMIF($F$100,">15",B100) -> 13384.45 | C104: =SUMIF($F$5:$F$15,">15",C5:C15)+SUMIF($F$93:$F$95,">15",C93:C93)+SUMIF($F$100,">15",C100) -> 770 | D104: =SUMIF($F$5:$F$15,">15",D5:D15)+SUMIF($F$93:$F$95,">15",D93:D93)+SUMIF($F$100,">15",D100) -> 12614.45 | G104: =SUMIF($F$5:$F$15,">15",G5:G15)+SUMIF($F$93:$F$95,">15",G93:G95)+SUMIF($F$100,">15",G100) -> 9460.8378 | I104: =SUMIF($F$5:$F$15,">15",I5:I15)+SUMIF($F$93:$F$95,">15",I93:I95)+SUMIF($F$100,">15",I100) -> 12614.45 | J104: =SUMIF($F$5:$F$15,">15",J5:J15)+SUMIF($F$93:$F$95,">15",J93:J95)+SUMIF($F$100,">15",J100) -> 9460.8378

Sheet Financiering
A1: Rente aftrek | B1: =36.93%-3% -> 0.3393 | D1: 3% correctie t.o.v. maximum aftrek percentage omdat het niet exact berekend wordt
A3: Tarieven Warmtefonds 17-1-2024
B4: 7 jaar | C4: 10 jaar | D4: 15 jaar | E4: 20 jaar
A5: Rentetarief | B5: 0.039 | C5: 0.0395 | D5: 0.043 | E5: 0.0435
A6: Netto incl aftrek | B6: =B5*(1-$B$1) -> 0.0257673 | C6: =C5*(1-$B$1) -> 0.02609765 | D6: =D5*(1-$B$1) -> 0.0284101 | E6: =E5*(1-$B$1) -> 0.02874045
A7: https://www.warmtefonds.nl/particulieren/actuele-rentetarieven
A9: Impact lening termijn | G9: Totaallast lening
B10: Bodem WP MWN | C10: Bodem WP Indi | D10: Lucht WP indi | E10: PVT WP indi | H10: Bodem WP MWN | I10: Bodem WP Indi | J10: Lucht WP indi | K10: PVT WP indi
A12: Investering | B12: ='Business case'!C15 -> 16960.947 | C12: ='Business case'!E15 -> 20916.668 | D12: ='Business case'!F15 -> 17994.1 | E12: ='Business case'!G15 -> 23307.474 | G12: 7 jaar | H12: =B14*7 -> -18282.459 | I12: =C14*7 -> -22546.39 | J12: =D14*7 -> -19396.11 | K12: =E14*7 -> -25123.476
A13: Aflosruimte | B13: ='Business case'!$L$17-'Business case'!P17 -> 1313.2812 | C13: ='Business case'!$L$17-'Business case'!M17 -> 1313.2812 | D13: ='Business case'!$L$17-'Business case'!N17 -> 1301.1314 | E13: ='Business case'!$L$17-'Business case'!O17 -> 1322.731 | G13: 10 jaar | H13: =B15*10 -> -18993.755 | I13: =C15*10 -> -23423.578 | J13: =D15*10 -> -20150.734 | K13: =E15*10 -> -26100.928
A14: 7 jaar | B14: =PMT($B$6,7,B12,0,1) -> -2611.7799 | C14: =PMT($B$6,7,C12,0,1) -> -3220.9129 | D14: =PMT($B$6,7,D12,0,1) -> -2770.8729 | E14: =PMT($B$6,7,E12,0,1) -> -3589.068 | G14: 15 jaar | H14: =B16*15 -> -20485.098 | I14: =C16*15 -> -25262.74 | J14: =D16*15 -> -21732.92 | K14: =E16*15 -> -28150.309
A15: 10 jaar | B15: =PMT($C$6,10,B12,0,1) -> -1899.3755 | C15: =PMT($C$6,10,C12,0,1) -> -2342.3578 | D15: =PMT($C$6,10,D12,0,1) -> -2015.0734 | E15: =PMT($C$6,10,E12,0,1) -> -2610.0928 | G15: 20 jaar | H15: =B17*20 -> -21906.545 | I15: =C17*20 -> -27015.705 | J15: =D17*20 -> -23240.953 | K15: =E17*20 -> -30103.64
A16: 15 jaar | B16: =PMT($D$6,15,B12,0,1) -> -1365.6732 | C16: =PMT($D$6,15,C12,0,1) -> -1684.1827 | D16: =PMT($D$6,15,D12,0,1) -> -1448.8614 | E16: =PMT($D$6,15,E12,0,1) -> -1876.6873
A17: 20 jaar | B17: =PMT($E$6,20,B12,0,1) -> -1095.3273 | C17: =PMT($E$6,20,C12,0,1) -> -1350.7852 | D17: =PMT($E$6,20,D12,0,1) -> -1162.0476 | E17: =PMT($E$6,20,E12,0,1) -> -1505.182

Sheet Prijzen
A1: Groothandelstarieven
C2: 2023 | D2: 2024 | E2: 2025 | F2: 2026 | G2: 2027 | H2: 2028 | I2: 2029 | J2: 2030 | K2: 2031 | L2: 2032 | M2: 2033 | N2: 2034 | O2: 2035 | P2: 2036 | Q2: 2037 | R2: 2038 | S2: 2039 | T2: 2040 | V2: Aanname
A3: G | B3: Hoog | C3: 0.54585417 | D3: 0.426075 | E3: 0.40014 | F3: 0.36556 | G3: 0.33839 | H3: 0.329745 | I3: 0.33903837 | J3: 0.34799212 | K3: 0.34799212 | L3: 0.34799212 | M3: 0.34799212 | N3: 0.34799212 | O3: 0.34799212 | P3: 0.34799212 | Q3: 0.34799212 | R3: 0.34799212 | S3: 0.34799212 | T3: 0.34799212 | V3: t/m 2030 Futures +30%; na 2030 constant
A4: €/m3 | B4: Middel | C4: 0.43668333 | D4: 0.32775 | E4: 0.3078 | F4: 0.2812 | G4: 0.2603 | H4: 0.25365 | I4: 0.26079875 | J4: 0.26768625 | K4: 0.26768625 | L4: 0.26768625 | M4: 0.26768625 | N4: 0.26768625 | O4: 0.26768625 | P4: 0.26768625 | Q4: 0.26768625 | R4: 0.26768625 | S4: 0.26768625 | T4: 0.26768625 | V4: t/m 2030 Futures; na 2030 constant
B5: Laag | C5: 0.3275125 | D5: 0.229425 | E5: 0.21546 | F5: 0.19684 | G5: 0.18221 | H5: 0.177555 | I5: 0.18255912 | J5: 0.18738037 | K5: 0.18738037 | L5: 0.18738037 | M5: 0.18738037 | N5: 0.18738037 | O5: 0.18738037 | P5: 0.18738037 | Q5: 0.18738037 | R5: 0.18738037 | S5: 0.18738037 | T5: 0.18738037 | V5: t/m 2030 Futures -30%; na 2030 constant
C7: 2023 | D7: 2024 | E7: 2025 | F7: 2026 | G7: 2027 | H7: 2028 | I7: 2029 | J7: 2030 | K7: 2031 | L7: 2032 | M7: 2033 | N7: 2034 | O7: 2035 | P7: 2036 | Q7: 2037 | R7: 2038 | S7: 2039 | T7: 2040 | V7: Aanname
A8: E | B8: Hoog | C8: 154.58333 | D8: 124.6 | E8: 100.36 | F8: 91.78 | G8: 86.97 | H8: 81.824167 | I8: 86.697701 | J8: 88.987322 | K8: 88.987322 | L8: 88.987322 | M8: 88.987322 | N8: 88.987322 | O8: 88.987322 | P8: 88.987322 | Q8: 88.987322 | R8: 88.987322 | S8: 88.987322 | T8: 88.987322 | V8: t/m 2028 Futures +30%; 2029-2030: obv gas * factor; na 2030 constant
A9: €/MWh | B9: Middel | C9: 123.66667 | D9: 89 | E9: 77.2 | F9: 70.6 | G9: 66.9 | H9: 62.941667 | I9: 66.690539 | J9: 68.451787 | K9: 68.451787 | L9: 68.451787 | M9: 68.451787 | N9: 68.451787 | O9: 68.451787 | P9: 68.451787 | Q9: 68.451787 | R9: 68.451787 | S9: 68.451787 | T9: 68.451787 | V9: t/m 2028 Futures; 2029-2030: obv gas * factor; na 2030 constant
B10: Laag | C10: 92.75 | D10: 62.3 | E10: 54.04 | F10: 49.42 | G10: 46.83 | H10: 44.059167 | I10: 46.683377 | J10: 47.916251 | K10: 47.916251 | L10: 47.916251 | M10: 47.916251 | N10: 47.916251 | O10: 47.916251 | P10: 47.916251 | Q10: 47.916251 | R10: 47.916251 | S10: 47.916251 | T10: 47.916251 | V10: t/m 2028 Futures -30%; 2029-2030: obv gas * factor; na 2030 constant
A12: Consumententarieven - levering incl BTW | V12: Aanname
A13: factor | B13: G | C13: 1.6576735 | D13: 1.6576735 | E13: 1.6576735 | F13: 1.6576735 | G13: 1.6576735 | H13: 1.6576735 | I13: 1.6576735 | J13: 1.6576735 | K13: 1.6576735 | L13: 1.6576735 | M13: 1.6576735 | N13: 1.6576735 | O13: 1.6576735 | P13: 1.6576735 | Q13: 1.6576735 | R13: 1.6576735 | S13: 1.6576735 | T13: 1.6576735 | V13: Analyse marges 2023 obv ACM dashboard vs futures groothandel; incl BTW effect
A14: factor | B14: E | C14: 1.9783724 | D14: 1.9783724 | E14: 1.9783724 | F14: 1.9783724 | G14: 1.9783724 | H14: 1.9783724 | I14: 1.9783724 | J14: 1.9783724 | K14: 1.9783724 | L14: 1.9783724 | M14: 1.9783724 | N14: 1.9783724 | O14: 1.9783724 | P14: 1.9783724 | Q14: 1.9783724 | R14: 1.9783724 | S14: 1.9783724 | T14: 1.9783724 | V14: Analyse marges 2023 obv ACM dashboard vs futures groothandel; incl BTW effect
C16: 2023 | D16: 2024 | E16: 2025 | F16: 2026 | G16: 2027 | H16: 2028 | I16: 2029 | J16: 2030 | K16: 2031 | L16: 2032 | M16: 2033 | N16: 2034 | O16: 2035 | P16: 2036 | Q16: 2037 | R16: 2038 | S16: 2039 | T16: 2040 | V16: Aanname
A17: G | B17: Hoog | C17: 0.90484799 | D17: 0.70629324 | E17: 0.66330148 | F17: 0.60597913 | G17: 0.56094014 | H17: 0.54660955 | I17: 0.56201493 | J17: 0.57685733 | K17: 0.57685733 | L17: 0.57685733 | M17: 0.57685733 | N17: 0.57685733 | O17: 0.57685733 | P17: 0.57685733 | Q17: 0.57685733 | R17: 0.57685733 | S17: 0.57685733 | T17: 0.57685733 | V17: Groothandel * marge factor
A18: €/m3 | B18: Middel | C18: 0.72387839 | D18: 0.54330249 | E18: 0.5102319 | F18: 0.46613779 | G18: 0.43149241 | H18: 0.42046888 | I18: 0.43231918 | J18: 0.4437364 | K18: 0.4437364 | L18: 0.4437364 | M18: 0.4437364 | N18: 0.4437364 | O18: 0.4437364 | P18: 0.4437364 | Q18: 0.4437364 | R18: 0.4437364 | S18: 0.4437364 | T18: 0.4437364 | V18: Groothandel * marge factor
B19: Laag | C19: 0.54290879 | D19: 0.38031174 | E19: 0.35716233 | F19: 0.32629645 | G19: 0.30204469 | H19: 0.29432822 | I19: 0.30262342 | J19: 0.31061548 | K19: 0.31061548 | L19: 0.31061548 | M19: 0.31061548 | N19: 0.31061548 | O19: 0.31061548 | P19: 0.31061548 | Q19: 0.31061548 | R19: 0.31061548 | S19: 0.31061548 | T19: 0.31061548 | V19: Groothandel * marge factor
C21: 2023 | D21: 2024 | E21: 2025 | F21: 2026 | G21: 2027 | H21: 2028 | I21: 2029 | J21: 2030 | K21: 2031 | L21: 2032 | M21: 2033 | N21: 2034 | O21: 2035 | P21: 2036 | Q21: 2037 | R21: 2038 | S21: 2039 | T21: 2040 | V21: Aanname
A22: E | B22: Hoog | C22: 0.30582341 | D22: 0.24650521 | E22: 0.19854946 | F22: 0.18157502 | G22: 0.17205905 | H22: 0.16187868 | I22: 0.17152034 | J22: 0.17605007 | K22: 0.17605007 | L22: 0.17605007 | M22: 0.17605007 | N22: 0.17605007 | O22: 0.17605007 | P22: 0.17605007 | Q22: 0.17605007 | R22: 0.17605007 | S22: 0.17605007 | T22: 0.17605007 | V22: Groothandel * marge factor
A23: €/kWh | B23: Middel | C23: 0.24465873 | D23: 0.17607515 | E23: 0.15273035 | F23: 0.13967309 | G23: 0.13235312 | H23: 0.12452206 | I23: 0.13193873 | J23: 0.13542313 | K23: 0.13542313 | L23: 0.13542313 | M23: 0.13542313 | N23: 0.13542313 | O23: 0.13542313 | P23: 0.13542313 | Q23: 0.13542313 | R23: 0.13542313 | S23: 0.13542313 | T23: 0.13542313 | V23: Groothandel * marge factor
B24: Laag | C24: 0.18349404 | D24: 0.1232526 | E24: 0.10691125 | F24: 0.097771166 | G24: 0.092647182 | H24: 0.087165441 | I24: 0.092357108 | J24: 0.09479619 | K24: 0.09479619 | L24: 0.09479619 | M24: 0.09479619 | N24: 0.09479619 | O24: 0.09479619 | P24: 0.09479619 | Q24: 0.09479619 | R24: 0.09479619 | S24: 0.09479619 | T24: 0.09479619 | V24: Groothandel * marge factor
A26: Consumententarieven - incl Energiebelasting & BTW
B27: CPI | E27: 1.02 | F27: 1.02 | G27: 1.02 | H27: 1.02 | I27: 1.02 | J27: 1.02 | K27: 1.02 | L27: 1.02 | M27: 1.02 | N27: 1.02 | O27: 1.02 | P27: 1.02 | Q27: 1.02 | R27: 1.02 | S27: 1.02 | T27: 1.02
A28: EB | B28: G | C28: 0.5929 | D28: 0.7054536 | E28: 0.74126484 | F28: 0.76259265 | G28: 0.78137246 | H28: 0.8018939 | I28: 0.83481602 | J28: 0.855406 | K28: 0.87251412 | L28: 0.8899644 | M28: 0.90776369 | N28: 0.92591896 | O28: 0.94443734 | P28: 0.96332609 | Q28: 0.98259261 | R28: 1.0022445 | S28: 1.0222894 | T28: 1.0427351 | V28: Obv basispad belastingplan 2023/2024
B29: E | C29: 0.15246 | D29: 0.13164921 | E29: 0.12315983 | F29: 0.10929757 | G29: 0.10386313 | H29: 0.10018276 | I29: 0.095285895 | J29: 0.098689173 | K29: 0.10066296 | L29: 0.10267622 | M29: 0.10472974 | N29: 0.10682433 | O29: 0.10896082 | P29: 0.11114004 | Q29: 0.11336284 | R29: 0.11563009 | S29: 0.1179427 | T29: 0.12030155 | V29: Obv basispad belastingplan 2023/2024
C31: 2023 | D31: 2024 | E31: 2025 | F31: 2026 | G31: 2027 | H31: 2028 | I31: 2029 | J31: 2030 | K31: 2031 | L31: 2032 | M31: 2033 | N31: 2034 | O31: 2035 | P31: 2036 | Q31: 2037 | R31: 2038 | S31: 2039 | T31: 2040 | V31: Aanname
A32: G | B32: Hoog | C32: 2.5 | D32: 1.4117468 | E32: 1.4045663 | F32: 1.3685718 | G32: 1.3423126 | H32: 1.3485034 | I32: 1.396831 | J32: 1.4322633 | K32: 1.4493714 | L32: 1.4668217 | M32: 1.484621 | N32: 1.5027763 | O32: 1.5212947 | P32: 1.5401834 | Q32: 1.5594499 | R32: 1.5791018 | S32: 1.5991467 | T32: 1.6195925 | V32: Levering + energiebelasting incl BTW
A33: €/m3 | B33: Middel | C33: 1.3167784 | D33: 1.2487561 | E33: 1.2514967 | F33: 1.2287304 | G33: 1.2128649 | H33: 1.2223628 | I33: 1.2671352 | J33: 1.2991424 | K33: 1.3162505 | L33: 1.3337008 | M33: 1.3515001 | N33: 1.3696554 | O33: 1.3881737 | P33: 1.4070625 | Q33: 1.426329 | R33: 1.4459809 | S33: 1.4660258 | T33: 1.4864715 | V33: Levering + energiebelasting incl BTW
B34: Laag | C34: 1.1358088 | D34: 1.0857653 | E34: 1.0984272 | F34: 1.0888891 | G34: 1.0834172 | H34: 1.0962221 | I34: 1.1374394 | J34: 1.1660215 | K34: 1.1831296 | L34: 1.2005799 | M34: 1.2183792 | N34: 1.2365344 | O34: 1.2550528 | P34: 1.2739416 | Q34: 1.2932081 | R34: 1.3128599 | S34: 1.3329048 | T34: 1.3533506 | V34: Levering + energiebelasting incl BTW
B35: Crisis | C35: 2.5 | D35: 1.4117468 | E35: 1.4045663 | F35: 1.4610634 | G35: 2.8022793 | H35: 1.9395825 | I35: 1.396831 | J35: 1.4322633 | K35: 1.4493714 | L35: 1.4668217 | M35: 1.5771127 | N35: 2.962743 | O35: 2.1123737 | P35: 1.5401834 | Q35: 1.5594499 | R35: 1.5791018 | S35: 1.5991467 | T35: 1.6195925 | V35: Scenario hoog + 2x crisis '26-'28 & '33-'35 vergelijkbaar met energiecrisis
C37: 2023 | D37: 2024 | E37: 2025 | F37: 2026 | G37: 2027 | H37: 2028 | I37: 2029 | J37: 2030 | K37: 2031 | L37: 2032 | M37: 2033 | N37: 2034 | O37: 2035 | P37: 2036 | Q37: 2037 | R37: 2038 | S37: 2039 | T37: 2040 | V37: Aanname
A38: E | B38: Hoog | C38: 0.8 | D38: 0.37815442 | E38: 0.32170929 | F38: 0.29087259 | G38: 0.27592218 | H38: 0.26206144 | I38: 0.26680624 | J38: 0.27473924 | K38: 0.27671302 | L38: 0.27872628 | M38: 0.28077981 | N38: 0.2828744 | O38: 0.28501089 | P38: 0.2871901 | Q38: 0.2894129 | R38: 0.29168016 | S38: 0.29399276 | T38: 0.29635162 | V38: Levering + energiebelasting incl BTW
A39: €/kWh | B39: Middel | C39: 0.39711873 | D39: 0.30772436 | E39: 0.27589018 | F39: 0.24897066 | G39: 0.23621624 | H39: 0.22470482 | I39: 0.22722462 | J39: 0.2341123 | K39: 0.23608608 | L39: 0.23809934 | M39: 0.24015287 | N39: 0.24224746 | O39: 0.24438395 | P39: 0.24656317 | Q39: 0.24878597 | R39: 0.25105322 | S39: 0.25336582 | T39: 0.25572468 | V39: Levering + energiebelasting incl BTW
B40: Laag | C40: 0.33595404 | D40: 0.25490181 | E40: 0.23007108 | F40: 0.20706873 | G40: 0.19651031 | H40: 0.1873482 | I40: 0.187643 | J40: 0.19348536 | K40: 0.19545915 | L40: 0.1974724 | M40: 0.19952593 | N40: 0.20162052 | O40: 0.20375701 | P40: 0.20593623 | Q40: 0.20815903 | R40: 0.21042628 | S40: 0.21273889 | T40: 0.21509774 | V40: Levering + energiebelasting incl BTW
B41: Crisis | C41: 0.39711873 | D41: 0.37815442 | E41: 0.32170929 | F41: 0.32233092 | G41: 0.65974718 | H41: 0.46827948 | I41: 0.26680624 | J41: 0.27473924 | K41: 0.27671302 | L41: 0.27872628 | M41: 0.31223814 | N41: 0.6666994 | O41: 0.49122893 | P41: 0.2871901 | Q41: 0.2894129 | R41: 0.29168016 | S41: 0.29399276 | T41: 0.29635162 | V41: Scenario hoog + 2x crisis '26-'28 & '33-'35 vergelijkbaar met energiecrisis
A43: Warmtetarieven
A44: % ACM | B44: 0.86867079 | C44: gem 2021-2023
A46: Vast | C46: 2023 | D46: 2024 | E46: 2025 | F46: 2026 | G46: 2027 | H46: 2028 | I46: 2029 | J46: 2030 | K46: 2031 | L46: 2032 | M46: 2033 | N46: 2034 | O46: 2035 | P46: 2036 | Q46: 2037 | R46: 2038 | S46: 2039 | T46: 2040 | V46: Aanname
A47: €/GJ | B47: CPI | D47: 0.02 | E47: 0.02 | F47: 0.02 | G47: 0.02 | H47: 0.02 | I47: 0.02 | J47: 0.02 | K47: 0.02 | L47: 0.02 | M47: 0.02 | N47: 0.02 | O47: 0.02 | P47: 0.02 | Q47: 0.02 | R47: 0.02 | S47: 0.02 | T47: 0.02
B48: Vast | C48: 630.22 | D48: 642.8244 | E48: 655.68089 | F48: 668.79451 | G48: 682.1704 | H48: 695.8138 | I48: 709.73008 | J48: 723.92468 | K48: 738.40318 | L48: 753.17124 | M48: 768.23466 | N48: 783.59936 | O48: 799.27134 | P48: 815.25677 | Q48: 831.56191 | R48: 848.19314 | S48: 865.15701 | T48: 882.46015 | V48: 2023 ACM + CPI input
A50: Opslag | B50: CPI | D50: 0.02 | E50: 0.02 | F50: 0.02 | G50: 0.02 | H50: 0.02 | I50: 0.02 | J50: 0.02 | K50: 0.02 | L50: 0.02 | M50: 0.02 | N50: 0.02 | O50: 0.02 | P50: 0.02 | Q50: 0.02 | R50: 0.02 | S50: 0.02 | T50: 0.02
A51: €/MWh | B51: Tarief | C51: 45.385563 | D51: 169.6794 | E51: 169.6794 | F51: 169.6794 | G51: 169.6794 | H51: 169.6794 | I51: 169.6794 | J51: 169.6794 | K51: 169.6794 | L51: 169.6794 | M51: 169.6794 | N51: 169.6794 | O51: 169.6794 | P51: 169.6794 | Q51: 169.6794 | R51: 169.6794 | S51: 169.6794 | T51: 169.6794 | V51: 2023 ACM, daarna volgt berekening overhead Gas
B53: % ACM | C53: 0.92506209 | D53: gem 2021-2023
C54: 2023 | D54: 2024 | E54: 2025 | F54: 2026 | G54: 2027 | H54: 2028 | I54: 2029 | J54: 2030 | K54: 2031 | L54: 2032 | M54: 2033 | N54: 2034 | O54: 2035 | P54: 2036 | Q54: 2037 | R54: 2038 | S54: 2039 | T54: 2040 | V54: Aanname
A55: Variabel | B55: Hoog | C55: 90.91 | D55: 97.982126 | E55: 99.301755 | F55: 99.88266 | G55: 100.69 | H55: 102.272 | I55: 104.92932 | J55: 107.22734 | K55: 109.1101 | L55: 111.03052 | M55: 112.98935 | N55: 114.98735 | O55: 117.02531 | P55: 119.10403 | Q55: 121.22433 | R55: 123.38703 | S55: 125.59299 | T55: 127.84307 | V55: Groothandelsprijs + opslag (methode ACM)
A56: €/GJ | B56: Middel | C56: 90.91 | D56: 94.283774 | E56: 95.82852 | F56: 96.709581 | G56: 97.752755 | H56: 99.4098 | I56: 101.98645 | J56: 104.20675 | K56: 106.08952 | L56: 108.00993 | M56: 109.96876 | N56: 111.96676 | O56: 114.00472 | P56: 116.08345 | Q56: 118.20374 | R56: 120.36644 | S56: 122.5724 | T56: 124.82248 | V56: Groothandelsprijs + opslag (methode ACM)
B57: Laag | C57: 90.91 | D57: 90.585422 | E57: 92.355285 | F57: 93.536502 | G57: 94.815513 | H57: 96.547597 | I57: 99.043583 | J57: 101.18616 | K57: 103.06893 | L57: 104.98934 | M57: 106.94817 | N57: 108.94617 | O57: 110.98414 | P57: 113.06286 | Q57: 115.18315 | R57: 117.34586 | S57: 119.55181 | T57: 121.80189 | V57: Groothandelsprijs + opslag (methode ACM)
A60: PV
C61: 2023 | D61: 2024 | E61: 2025 | F61: 2026 | G61: 2027 | H61: 2028 | I61: 2029 | J61: 2030 | K61: 2031 | L61: 2032 | M61: 2033 | N61: 2034 | O61: 2035 | P61: 2036 | Q61: 2037 | R61: 2038 | S61: 2039 | T61: 2040 | V61: Aanname
A62: % salderen | C62: 1 | D62: 1 | E62: 0.64 | F62: 0.64 | G62: 0.55 | H62: 0.46 | I62: 0.37 | J62: 0.28 | K62: 0 | L62: 0 | M62: 0 | N62: 0 | O62: 0 | P62: 0 | Q62: 0 | R62: 0 | S62: 0 | T62: 0 | V62: Conform wetsvoorstel
C64: 2023 | D64: 2024 | E64: 2025 | F64: 2026 | G64: 2027 | H64: 2028 | I64: 2029 | J64: 2030 | K64: 2031 | L64: 2032 | M64: 2033 | N64: 2034 | O64: 2035 | P64: 2036 | Q64: 2037 | R64: 2038 | S64: 2039 | T64: 2040 | V64: Aanname
A65: Teruglevertarief | B65: Hoog | C65: 0.115 | D65: =C65 -> 0.115 | E65: =E22*80% -> 0.15883957 | F65: =F22*80% -> 0.14526002 | G65: =G22*80% -> 0.13764724 | H65: =H22*80% -> 0.12950294 | I65: =I22*80% -> 0.13721627 | J65: =J22*80% -> 0.14084005 | K65: =K22*80% -> 0.14084005 | L65: =L22*80% -> 0.14084005 | ... T65: =T22*80% -> 0.14084005 | V65: 2023&2024 Greenchoice actueel, >=2025 80% leveringstarief excl EB (conform voorstel AMvB feb. 2023)
B66: Middel | C66: 0.115 | D66: =C66 -> 0.115 | E66: =E23*80% -> 0.12218428 | F66: =F23*80% -> 0.11173848 | G66: =G23*80% -> 0.10588249 | H66: =H23*80% -> 0.099617647 | I66: =I23*80% -> 0.10555098 | J66: =J23*80% -> 0.1083385 | K66: =K23*80% -> 0.1083385 | L66: =L23*80% -> 0.1083385 | ... T66: =T23*80% -> 0.1083385 | V66: 2023&2024 Greenchoice actueel, >=2025 80% leveringstarief excl EB (conform voorstel AMvB feb. 2023)
B67: Laag | C67: 0.115 | D67: =C67 -> 0.115 | E67: =E24*80% -> 0.085528997 | F67: =F24*80% -> 0.078216933 | G67: =G24*80% -> 0.074117745 | H67: =H24*80% -> 0.069732353 | I67: =I24*80% -> 0.073885686 | J67: =J24*80% -> 0.075836952 | K67: =K24*80% -> 0.075836952 | L67: =L24*80% -> 0.075836952 | ... T67: =T24*80% -> 0.075836952 | V67: 2023&2024 Greenchoice actueel, >=2025 80% leveringstarief excl EB (conform voorstel AMvB feb. 2023)
B68: Crisis | C68: =C65 -> 0.115 | D68: =D65 -> 0.115 | E68: =E65 -> 0.15883957 | F68: =F65 -> 0.14526002 | G68: =G65 -> 0.13764724 | H68: =H65 -> 0.12950294 | I68: =I65 -> 0.13721627 | J68: =J65 -> 0.14084005 | ... T68: =T65 -> 0.14084005 | V68: Conform tarief scenario hoog: TLT volgt de prijspiek niet
A72: Vaste kosten gas
A73: CPI
C74: 2023 | D74: 2024 | E74: 2025 | F74: 2026 | G74: 2027 | H74: 2028 | I74: 2029 | J74: 2030 | K74: 2031 | L74: 2032 | M74: 2033 | N74: 2034 | O74: 2035 | P74: 2036 | Q74: 2037 | R74: 2038 | S74: 2039 | T74: 2040
A75: CPI | D75: 0.02 | E75: 0.02 | F75: 0.02 | G75: 0.02 | H75: 0.02 | I75: 0.02 | J75: 0.02 | K75: 0.02 | L75: 0.02 | M75: 0.02 | N75: 0.02 | O75: 0.02 | P75: 0.02 | Q75: 0.02 | R75: 0.02 | S75: 0.02 | T75: 0.02
A76: Vaste leveringskosten | C76: =0.208*365 -> 75.92 | D76: =C76*(1+D75) -> 77.4384 | E76: =D76*(1+E75) -> 78.987168 | F76: =E76*(1+F75) -> 80.566911 | G76: =F76*(1+G75) -> 82.17825 | H76: =G76*(1+H75) -> 83.821815 | I76: =H76*(1+I75) -> 85.498251 | J76: =I76*(1+J75) -> 87.208216 | K76: =J76*(1+K75) -> 88.95238 | ... T76: =S76*(1+T75) -> 106.30633 | U76: Greenchoice 2023
A77: Netbeheer | C77: =0.567*365 -> 206.955 | D77: =C77*(1+D75) -> 211.0941 | E77: =D77*(1+E75) -> 215.31598 | F77: =E77*(1+F75) -> 219.6223 | G77: =F77*(1+G75) -> 224.01475 | H77: =G77*(1+H75) -> 228.49504 | I77: =H77*(1+I75) -> 233.06494 | J77: =I77*(1+J75) -> 237.72624 | K77: =J77*(1+K75) -> 242.48077 | ... T77: =S77*(1+T75) -> 289.78696 | U77: Stedin 2023 (via Greenchoice)
A78: Totaal vast | C78: =SUM(C76:C77) -> 282.875 | D78: =SUM(D76:D77) -> 288.5325 | E78: =SUM(E76:E77) -> 294.30315 | F78: =SUM(F76:F77) -> 300.18921 | G78: =SUM(G76:G77) -> 306.193 | H78: =SUM(H76:H77) -> 312.31686 | I78: =SUM(I76:I77) -> 318.56319 | J78: =SUM(J76:J77) -> 324.93446 | ... T78: =SUM(T76:T77) -> 396.09329
A80: Prijsplafond gas en elektriciteit 2023
B81: G | C81: E
A82: Plafond | B82: 1200 | C82: 2900
A83: Prijs < plafond | B83: 1.45 | C83: 0.4
A84: Verh G>E | C84: =C83/(B83/9.5) -> 2.6206897
A87: Prijsplafond warmte 2023
A88: GJ | C88: 37 | E88: ACM
A89: EUR/GJ ex BTW | C89: 39.158353 | E89: ACM
A90: EUR/GJ incl BTW | C90: 47.381608 | E90: ACM

Sheet Kengetallen
A1: Inflatie | W1: Keuzeopties J/N
A2: CPI operationele kosten | B2: 0.02 | I2: ACM: CPI2018-2022 gem is 1,88% | W2: J
W3: N
A4: CV ketel
A5: CV onderhoud | B5: =(135+126+176.32+135+112+150+24)/6 -> 143.05333 | C5: per jaar | I5: Praktijkvoorbeeld daadwerkelijke kosten onderhoudsabonnment + materiaal 2017-2022 gemiddeld
A6: CV aanschaf | B6: 1840 | C6: incl installatie | I6: https://cvketelcollectief.consumentenbond.nl/intergas-hrea2824
A7: CV afschrijving | B7: ='Business case'!C6 -> 15 | C7: jaar
A9: PV systeem
A10: PV aanschaf
B11: kWh min | C11: Prijs/WP ex BTW
A12: 6-8 panelen | B12: 0 | C12: 0.95 | I12: Tarieven 2025
A13: 8-14 panelen | B13: =8*370*0.9 -> 2664 | C13: 0.95 | I13: Tarieven 2025
A14: >14 panelen | B14: =14*370*0.9 -> 4662 | C14: 0.95 | I14: Tarieven 2025
A16: PV afschrijving | B16: 15 | C16: jaar
A17: PV gelijktijdigheid verwarming | B17: 0.17 | I17: Simulatie praktijkdata opwek + gasverbruik; PV opbrengst gelijk aan vraag WP
A18: PV gelijktijdigheid verw+tap | B18: 0.4 | I18: Simulatie praktijkdata opwek + gasverbruik; PV opbrengst gelijk aan vraag WP
A19: PV terugloop opbrengst | B19: -0.007 | I19: Soft Energy
A20: PV onderhoud | B20: 25 | I20: Groenpand: nagenoeg onderhoudsvrij, alleen schoonmaken
A22: Bodem WP
A23: Lus (individueel) | B23: 35 | C23: W/m | I23: VHGM business case
A24: Lus (collectief) | B24: 45 | C24: W/m | I24: VHGM business case
B25: W/lus | C25: %
A26: Inkoopvoordeel door minder lussen | B26: 0 | C26: 0.05 | I26: Beperkt voordeel als 1 lus per woning
B27: 2 | C27: 0.15 | I27: VHGM business case, 2-20w
B28: 3 | C28: 0.3 | I28: +15% VHGM
B29: 4 | C29: 0.4 | I29: +25% VHGM
B30: 5 | C30: 0.5 | I30: +35% VHGM
A31: Extra inkoopvoordeel volume | B31: Min | C31: Max | D31: %
B32: 0 | C32: 5 | D32: 0 | I32: Benchmark met voordeel HVE business case
B33: 6 | C33: 10 | D33: 0.05 | I33: Benchmark met voordeel HVE business case
B34: 11 | C34: 15 | D34: 0.05 | I34: Benchmark met voordeel HVE business case
B35: 16 | C35: 25 | D35: 0.1 | I35: Benchmark met voordeel HVE business case
B36: 26 | C36: 100 | D36: 0.15 | I36: Benchmark met voordeel HVE business case
A37: Kosten lus | B37: 45 | C37: m1 | I37: VHGM business case
A38: Leidingwerk woningen dicht op elkaar | B38: 5.5 | C38: m | I38: VHGM business case
A39: Leidingwerk woningen dicht op elkaar | B39: 8.25 | C39: m | I39: VHGM business case
A40: Extra lengte tvv interferentie | B40: Min | C40: Max | D40: %
B41: 0 | C41: 5 | D41: 0.1 | I41: VHGM business case; iets meer gestaffeld
B42: 6 | C42: 10 | D42: 0.1 | I42: VHGM business case; iets meer gestaffeld
B43: 11 | C43: 20 | D43: 0.15 | I43: VHGM business case; iets meer gestaffeld
B44: 21 | C44: 100 | D44: 0.2 | I44: VHGM business case; iets meer gestaffeld
A45: Extra lengte tbv interferentie <20w | B45: 0.1 | I45: VHGM business case
A46: Extra lengte tbv interferentie >20w | B46: 0.2 | I46: VHGM business case
A47: Kosten leidingwerk per meter | B47: =195*1.21 -> 235.95 | C47: m1 | I47: VHGM business case
A48: Inkoopvoordeel warmtepomp | B48: ='Business case'!D18 -> 0.15 | I48: VHGM: 10% over installatie kosten = +/- 5% totaal
A49: Prijs Warmtepomp | B49: kWmin | C49: kWmax | D49: Basisprijs | E49: Incl installatie
B50: 0 | C50: 4.5 | D50: =7077*1.21 -> 8563.17 | E50: =D50*1.4 -> 11988.438 | I50: Obv Bosch Compress 6000 LMW prijslijst
B51: =C50+0.1 -> 4.6 | C51: 6 | D51: =8720*1.21 -> 10551.2 | E51: =D51*1.4 -> 14771.68 | I51: Obv Bosch Compress 7800i LMWF prijslijst
B52: =C51+0.1 -> 6.1 | C52: 8 | D52: =9115*1.21 -> 11029.15 | E52: =D52*1.4 -> 15440.81 | I52: Obv Bosch Compress 7800i LMWF prijslijst
B53: =C52+0.1 -> 8.1 | C53: 12 | D53: =10512*1.21 -> 12719.52 | E53: =D53*1.4 -> 17807.328 | I53: Obv Bosch Compress 7800i LMWF prijslijst
B54: =C53+0.1 -> 12.1 | C54: 30 | D54: =34000*1.21 -> 41140 | E54: =D54*1.4 -> 57596 | I54: Obv Nibe
A55: Basisprijs bodemWP 6kW | B55: 17000 | I55: VHGM + prijslijst NIBE 20222 F1255
A56: Boordiepte | B56: =(265+270+245)/3 -> 260 | C56: m | I56: VHGM rapport p17, gemiddelde drie cassussen in Utrecht
A58: ISDE | B58: 4200 | I58: ISDE lijst WW-WP
A59: ISDE Grote WP | B59: 6400 | I59: ISDE lijst WW-WP
A60: Vermogen WP | B60: Berekening in Business Case | I60: Indicatieve formule Deltares: https://www.linkedin.com/pulse/mijn-huis-geschikt-voor-een-warmtepomp-ivo-pothof/?trackingId=9JasMppMRE%2BjBThj%2FhiBKA%3D%3D
A62: WP onderhoud | B62: 150 | C62: per jaar | E62: Op basis actuele prijzen onderhoudscontracten | I62: https://www.energiewacht.nl/kennisbank/warmtepompen/alles-over-de-warmtepomp
A63: WP afschrijving | B63: 15 | C63: jaar | E63: Eigenhuis noemt tot 20 jaar | I63: https://www.eigenhuis.nl/energie/maatregelen/duurzaam-verwarmen/warmtepomp/alles-over-de-warmtepomp#/
E64: Diverse bronnen 12-15 jaar bij goed gebruik | I64: https://warmtepomp-weetjes.nl/gerelateerd/economische-en-praktijk-levensduur/
I65: https://www.feenstra.com/zorgelooswonen/levensduur-van-een-warmtepomp/
I66: https://www.daikin.be/nl_be/warmtepompen/informatie/levensduur.html#:~:text=De%20gemiddelde%20levensduur%20van%20een%20warmtepomp%20wordt%20theoretisch%20vastgelegd%20rond,je%20warmtepomp%20goed%20te%20onderhouden.
A67: Lucht-WP
A68: Prijs Warmtepomp | B68: kWmin | C68: kWmax | D68: Basisprijs | E68: Incl installatie
B69: 0 | C69: 4 | D69: 6615 | E69: =D69*1.4 -> 9261 | I69: Obv Daikin Altherma 3 prijzen incl 180L boiler, zie Excel
B70: =C69+0.1 -> 4.1 | C70: 6 | D70: 7830.6667 | E70: =D70*1.4 -> 10962.933 | I70: Obv Daikin Altherma 3 prijzen incl 180L boiler, zie Excel
B71: =C70+0.1 -> 6.1 | C71: 8 | D71: 8349.5 | E71: =D71*1.4 -> 11689.3 | I71: Obv Daikin Altherma 3 prijzen incl 180L boiler, zie Excel
B72: =C71+0.1 -> 8.1 | C72: 10.5 | D72: 11119 | E72: =D72*1.4 -> 15566.6 | I72: Obv Daikin Altherma 3 prijzen incl 180L boiler, zie Excel
A73: Basisprijs bodemWP 6kW | B73: =8000*1.4 -> 11200 | E73: Inkoopprijs incl BTW + 40% installatiekosten, Daikin 6kW | I73: https://www.climasense.nl/lucht-water-warmtepompen-lt/1864-daikin-altherma-3-r-f-6-kw-vloermodel-hc-180-liter-9-kw-buh.html
A74: ISDE | B74: 2850 | E74: Meldcode KA12261 | I74: https://www.rvo.nl/sites/default/files/2023-12/19-12-2023-ISDE-Meldcodelijst-Warmtepompen.pdf
A75: Vermogen WP | B75: Berekening in Business Case
A77: WP onderhoud | B77: 215 | C77: per jaar | E77: Op basis actuele prijzen onderhoudscontracten | I77: https://www.energiewacht.nl/kennisbank/warmtepompen/alles-over-de-warmtepomp
A78: WP afschrijving | B78: 15 | C78: jaar | E78: Inschatting bij goed gebruik
A80: Geluidskasten | B80: 2580 | E80: Vaak nodig bij tussenwoning | I80: https://www.akoestiekwinkel.nl/dice-05

Sheet Isolatie+
A1: % actuele vs adviesbesparing | B1: 0.84 | D1: PBL SA 2020 = 20% besparing (na-isolatie dak/spouw/vloer/glas) = +/- 67% EnergieGarant
A3: Type woning | B3: Jaren '90, tussenwoning
A4: Maatregel | B4: Investering | C4: Subsidie | D4: Netto investering | E4: Besparing | F4: Afschrijving | G4: Netto investering 15jr | I4: Bron
A5: Spouw | B5: 1000 | C5: 310 | D5: =B5-C5 -> 690 | E5: 0.04 | F5: 20 | G5: =IFERROR(D5*(15/F5),0) -> 517.5 | I5: Investering&subsidie: Milieucentraal, besparing: EnergieGarant
A6: Vloer | B6: 2250 | C6: 530 | D6: =B6-C6 -> 1720 | E6: 0.0336 | F6: 20 | G6: =IFERROR(D6*(15/F6),0) -> 1290 | I6: Investering&subsidie: Milieucentraal, besparing: EnergieGarant
A7: Dak | B7: 1736 | D7: =B7-C7 -> 1736 | E7: 0.0672 | F7: 20 | G7: =IFERROR(D7*(15/F7),0) -> 1302 | I7: Investering&subsidie: EnergieGarant, geen subsidie, besparing: EnergieGarant
A8: Glas HR++ | B8: 2450 | C8: 770 | D8: =B8-C8 -> 1680 | E8: =10%*$B$1 -> 0.084 | F8: 20 | G8: =IFERROR(D8*(15/F8),0) -> 1260 | I8: Investering&subsidie: Milieucentraal, excl schuifpui = 70%, besparing: EnergieGarant, 70%
A9: Schuifpui | B9: 3000 | C9: =C8*30% -> 231 | D9: =B9-C9 -> 2769 | E9: =4%*$B$1 -> 0.0336 | F9: 20 | G9: =IFERROR(D9*(15/F9),0) -> 2076.75 | I9: Investering&subsidie: prijsindicaties, subsidie 30% totaal, besparing: EnergieGarant 30% totaal
A10: Kieren&koudebruggen | B10: 500 | D10: =B10-C10 -> 500 | E10: =1.5%*$B$1 -> 0.0126 | F10: 20 | G10: =IFERROR(D10*(15/F10),0) -> 375 | I10: Investering: ruwe schatting, minder dan jaren'60; besparing: 5% van warmteverlies * 30% besparing
A11: Ventilatie | B11: 2250 | D11: =B11-C11 -> 2250 | E11: =8%*$B$1 -> 0.0672 | F11: 20 | G11: =IFERROR(D11*(15/F11),0) -> 1687.5 | I11: Investering: obv actuele prijzen decentrale ventilatie + €500 installatie/advies; besparing: obv kengetallen Milieucentraal & Verbeter-je-huis, onderkant bandbreedte
A12: Ramen nok+dakkapel | D12: =B12-C12 -> 0 | G12: =IFERROR(D12*(15/F12),0) -> 0 | I12: nvt
A13: LT radiatoren | B13: 3500 | D13: =B13-C13 -> 3500 | E13: =4%*$B$1 -> 0.0336 | F13: 20 | G13: =IFERROR(D13*(15/F13),0) -> 2625 | I13: Investering: EnergieGarant + tarieven Jaga, besparing: EnergieGarant
A14: Inductie koken | B14: =900*110% -> 990 | C14: 400 | D14: =B14-C14 -> 590 | E14: =37/1200 -> 0.030833333 | F14: 15 | G14: =IFERROR(D14*(15/F14),0) -> 590 | I14: Investering: CE-Delft +10% inflatie; subsidie: RVO; besparing: Milieucentraal/1200m3 verbruik
A15: Aansluiting | B15: 389 | D15: =B15-C15 -> 389 | F15: 20 | G15: =IFERROR(D15*(15/F15),0) -> 291.75 | I15: Investering: Stedin rekenmodule 1x35A>3x25A
A16: Totaal | B16: =SUM(B5:B15) -> 18065 | C16: =SUM(C5:C15) -> 2241 | D16: =SUM(D5:D15) -> 15824 | E16: =SUM(E5:E15) -> 0.40263333 | G16: =SUM(G5:G15) -> 12015.5
A18: Tip: als je een woning hebt uit een andere bouwperiode kan je o.a. op de website van Milieucentraal passende kengetallen vinden
